 Dungeon Crawl Stone Soup version 0.32-a0-131-g9dbbe29261 (webtiles) character file.

Game seed: 4002112646788501027

1567095 ragingrage the Spry (level 27, 218/218 HPs)
             Began as a Kobold Chaos Knight on Feb 8, 2024.
             Was a Favourite Plaything of Xom.
             Escaped with the Orb
             ... and 3 runes!
             The game lasted 02:03:10 (75931 turns).

ragingrage the Spry (Kobold Chaos Knight)          Turns: 75931, Time: 02:03:10

Health: 218/218    AC: 36    Str: 25    XL:     27
Magic:  31/35      EV: 30    Int: 19    God:    Xom [.*....]
Gold:   3102       SH: 27    Dex: 25    Spells: 7/42 levels left

rFire   + + +        a - +9 demon blade (heavy)
rCold   + . .        G - +2 kite shield {AC+3}
rNeg    + + .        b - +6 fire dragon scales
rPois   +            W - +2 hood of the Assassin {Detect Stab+ Stlth++}
rElec   +            w - +2 cloak {rPois}
rCorr   .            (no gloves)
SInv    +            E - +2 pair of boots
Will    +++..        U - brooch of Shielding {Spirit SH+8}
Stlth   +++          I - ring "Cucva" {rElec rN+ Str+5 Dex+3 SInv}
HPRegen 0.56/turn    T - ring of the Pharaoh's Fist {rC+ rN+ Int+6 Dex+2}
MPRegen 0.24/turn

%: random rage (9%), guardian spirit
@: studying Axes
A: small, no large weapons, nightstalker 3, claws 1, hooves 2, iridescent scales
3, berserk 2, clumsy 1, cold resistance 1, fire resistance 1, strong-willed 1,
robust 3, strong 2, inability to read after injury 1
0: Orb of Zot
}: 3/15 runes: barnacled, silver, gossamer
a: Renounce Religion


You escaped.
You worshipped Xom.
You were a plaything of Xom.
You visited 10 branches of the dungeon, and saw 48 of its levels.
You visited the Abyss 2 times.
You visited 1 bazaar.

You collected 8769 gold pieces.
You spent 5667 gold pieces at shops.

Inventory:

Hand Weapons
 a - a +9 heavy demon blade (weapon)
 D - the +3 orcbow "Xaokkev" {flame, rPois rN+}
   (You found it on level 3 of the Realm of Zot)

   rPois:     It protects you from poison rN+: It protects you from negative
   energy.
Missiles
 m - 18 curare-tipped darts
 B - 9 throwing nets
 L - 11 datura-tipped darts
Armour
 b - +6 fire dragon scales (worn)
 n - the +0 fire dragon scales of Resourcefulness {*Corrode rF++ rC- MP+9 Str+2}
   (You bought it in a shop on level 2 of the Vaults)

   Str+2:     It affects your strength (+2).
   rF++:      It greatly protects you from fire.
   rC-:       It makes you vulnerable to cold.
   MP+9:      It affects your magic capacity (+9).
   *Corrode:  It may corrode you when you take damage.
 w - a +2 cloak of poison resistance (worn)
 E - a +2 pair of boots (worn)
 G - a +2 kite shield of protection (worn)
 W - the +2 hood of the Assassin (worn) {Detect Stab+ Stlth++}
   (You found it on level 2 of the Depths)

   Detect:    It allows the wearer to sense nearby creatures.
   Stab+:     It allows the wearer to make particularly effective stabbing
   attacks against helpless or unaware enemies with any weapon.
   Stlth++:   It makes you much more stealthy.
Jewellery
 I - the ring "Cucva" (left claw) {rElec rN+ Str+5 Dex+3 SInv}
   (You found it on level 3 of the Elven Halls)

   [ring of see invisible]

   Str+5:     It affects your strength (+5).
   Dex+3:     It affects your dexterity (+3).
   rElec:     It insulates you from electricity.
   rN+:       It protects you from negative energy.
   SInv:      It lets you see invisible.
 T - the ring of the Pharaoh's Fist (right claw) {rC+ rN+ Int+6 Dex+2}
   (You found it on level 1 of the Lair of Beasts)

   [ring of intelligence]

   Int+6:     It affects your intelligence (+6).
   Dex+2:     It affects your dexterity (+2).
   rC+:       It protects you from cold.
   rN+:       It protects you from negative energy.
 U - the brooch of Shielding (around neck) {Spirit SH+8}
   (You bought it in a shop on level 1 of the Dungeon)

   [amulet of guardian spirit]

   Spirit:    It causes incoming damage to be divided between your reserves of
   health and magic.
   SH+8:      It affects your SH (+8).
 X - the ring of Xuit {Fly Will+ Stlth+}
   (You took it off a yaktaur captain on level 2 of the Vaults)

   [ring of flight]

   Will+:     It increases your willpower.
   Fly:       It grants you flight.
   Stlth+:    It makes you more stealthy.
Wands
 o - a wand of paralysis (51)
 H - a wand of mindburst (41)
 J - a wand of light (57)
 O - a wand of digging (30)
 Y - a wand of roots (41)
Scrolls
 e - 8 scrolls of vulnerability
 g - 7 scrolls of noise
 i - 12 scrolls of fog
 l - 6 scrolls of silence
 r - 22 scrolls of teleportation
 u - 6 scrolls of revelation
 v - 5 scrolls of poison
 C - 10 scrolls of fear
 K - 4 scrolls of blinking
 M - 10 scrolls of immolation
 S - 2 scrolls of summoning
Potions
 c - 5 potions of mutation
 d - 17 potions of curing
 h - 7 potions of invisibility
 k - 11 potions of heal wounds
 p - 5 potions of might
 t - 9 potions of brilliance
 x - 4 potions of attraction
 A - 11 potions of ambrosia
 F - 2 potions of berserk rage
 N - 2 potions of enlightenment
 P - 3 potions of haste
 Q - 10 potions of lignification
 V - 2 potions of magic
 Z - 3 potions of cancellation
Miscellaneous
 f - a sack of spiders
 j - a phantom mirror (inert)
 s - a condenser vane
 z - a lightning rod (4/4)


   Skills:
 - Level 16.0 Fighting
 - Level 14.0(18.3) Short Blades
 - Level 12.8(14.0) Long Blades
 - Level 8.0 Throwing
 - Level 12.0 Armour
 - Level 20.0 Dodging
 - Level 17.8 Stealth
 + Level 17.9 Shields
 - Level 8.0 Spellcasting
 - Level 8.0 Conjurations
 - Level 14.0 Necromancy
 - Level 10.0 Translocations
 - Level 7.0 Fire Magic
 - Level 6.0 Earth Magic
 - Level 12.0 Alchemy
 - Level 12.0 Evocations
 - Level 5.4 Shapeshifting


You had 7 spell levels left.
You knew the following spells:

 Your Spells              Type           Power      Damage    Failure   Level
a - Olgreb's Toxic Radia  Alch           52%        N/A       1%          4
b - Death Channel         Necr           28%        N/A       13%         6
c - Fugue of the Fallen   Necr           57%        N/A       1%          3
d - Manifold Assault      Tloc           45%        N/A       4%          4
e - Irradiate             Conj/Alch      22%        3d19      12%         5
f - Ignite Poison         Fire/Alch      43%        N/A       5%          4
g - Sticky Flame          Fire/Alch      43%        2d8       5%          4
h - Passwall              Erth           30%        N/A       7%          3
i - Blink                 Tloc           90%        N/A       1%          2

Your spell library contained the following spells:

 Spells                   Type           Power      Damage    Failure   Level
 Foxfire                  Conj/Fire      100%       2x1d9     1%          1
 Magic Dart               Conj           100%       1d8       1%          1
 Necrotise                Necr           100%       1d9       1%          1
 Sting                    Conj/Alch      100%       1d9       1%          1
 Cigotuvi's Dreadful Rot  Necr/Alch/Air  80%        N/A       1%          2
 Sublimation of Blood     Necr           57%        N/A       1%          2
 Gell's Gravitas          Tloc           45%        N/A       1%          3
 Teleport Other           Tloc           45%        N/A       1%          3
 Vampiric Draining        Necr           57%        2d10      1%          3
 Dispel Undead            Necr           57%        3d20      1%          4
 Sandblast                Erth           60%        2d14      2%          1
 Volatile Blastmotes      Fire/Tloc      78%        2d16      2%          3
 Curse of Agony           Necr           57%        N/A       2%          5
 Mercury Vapours          Alch/Air       60%        N/A       3%          2
 Stone Arrow              Conj/Erth      68%        3d11      4%          3
 Mephitic Cloud           Conj/Alch/Air  32%        N/A       5%          3
 Alistair's Intoxication  Alch           34%        N/A       5%          5
 Leda's Liquefaction      Alch/Erth      20%        N/A       7%          4
 Petrify                  Alch/Erth      41%        N/A       7%          4
 Static Discharge         Conj/Air       44%        3-5/arc   8%          2
 Flame Wave               Conj/Fire      36%        2d10      12%         4
 Borgnjor's Vile Clutch   Necr/Erth      22%        N/A       12%         5
 Dazzling Flash           Conj/Hex       44%        N/A       16%         3
 Hailstorm                Conj/Ice       22%        3d7       16%         3
 Brom's Barrelling Bould  Conj/Erth      34%        2d5       16%         4
 Martyr's Knell           Necr/Summ      34%        N/A       16%         4
 Inner Flame              Hex/Fire       20%        N/A       19%         3
 Freeze                   Ice            28%        1d5       26%         1
 Summon Small Mammal      Summ           28%        N/A       26%         1
 Eringya's Noxious Bog    Alch           26%        4d6       30%         6
 Dimensional Bullseye     Hex/Tloc       13%        N/A       34%         4
 Fireball                 Conj/Fire      18%        3d9       34%         5
 Call Imp                 Summ           14%        N/A       38%         2
 Ensorcelled Hibernation  Hex/Ice        14%        N/A       38%         2
 Jinxbite                 Hex            14%        N/A       38%         2
 Summon Blazeheart Golem  Fire/Summ      20%        N/A       54%         4
 Lee's Rapid Deconstruct  Erth           15%        3d10*     54%         5
 Yara's Violent Unravell  Hex/Alch       15%        3d8       54%         5
 Dispersal                Tloc           22%        N/A       56%         6
 Animate Armour           Summ/Erth      38%        N/A       61%         4
 Call Canine Familiar     Summ           7%         N/A       63%         3
 Frozen Ramparts          Ice            14%        1d3       63%         3
 Ozocubu's Armour         Ice            7%         N/A       63%         3
 Sigil of Binding         Hex            7%         N/A       63%         3
 Swiftness                Air            7%         N/A       63%         3
 Summon Forest            Summ/Tloc      13%        N/A       67%         5
 Arcjolt                  Conj/Air       11%        1d21      82%         5
 Starburst                Conj/Fire      18%        6d7       88%         6
 Bombard                  Conj/Erth      17%        9d3       93%         6
 Cause Fear               Hex            3%         N/A       95%         4
 Summon Lightning Spire   Summ/Air       7%         N/A       95%         4
 Freezing Cloud           Conj/Ice/Air   8%         6-21      95%         5
 Sculpt Simulacrum        Ice/Alch       15%        N/A       98%         6
 Metabolic Englaciation   Hex/Ice        3%         N/A       100%        5
 Silence                  Hex/Air        3%         N/A       100%        5
 Summon Mana Viper        Hex/Summ       7%         N/A       100%        5
 Conjure Ball Lightning   Conj/Air       11%        3x3d6     100%        6
 Plasma Beam              Fire/Air       10%        2x1d21    100%        6
 Summon Cactus Giant      Summ           3%         N/A       100%        6
 Enfeeble                 Hex            3%         N/A       100%        7
 Haunt                    Necr/Summ      17%        N/A       100%        7
 Malign Gateway           Summ/Tloc      13%        N/A       100%        7
 Summon Hydra             Summ           3%         N/A       100%        7
 Borgnjor's Revivificati  Necr           28%        N/A       99%         8
 Discord                  Hex            3%         N/A       100%        8
 Disjunction              Tloc           22%        N/A       100%        8
 Lehudib's Crystal Spear  Conj/Erth      17%        10d5      100%        8
 Summon Horrible Things   Summ           3%         N/A       100%        8
 Death's Door             Necr           28%        N/A       100%        9
 Dragon's Call            Summ           3%         N/A       100%        9
 Fire Storm               Conj/Fire      18%        8d5       100%        9


Dungeon Overview and Level Annotations

Branches:
Dungeon (15/15)            Temple (1/1) D:6            Lair (5/5) D:9
 Shoals (4/4) Lair:2       Spider (4/4) Lair:2        Slime (0/5) Lair:5
    Orc (2/2) D:10            Elf (3/3) Orc:2        Vaults (5/5) D:13
  Crypt (0/3) Vaults:3     Depths (4/4) D:15            Zot (5/5) Depths:4

Altars:
Ashenzari
Cheibriados
Dithmenos
Elyvilon
Fedhas
Gozag
Hepliaklqana
Kikubaaqudgha
Makhleb
Nemelex Xobeh
Okawaru
Qazlal
Ru
Sif Muna
Trog
Uskayaw
Vehumet
Wu Jian
Xom
Yredelemnul
Zin
The Shining One
Lugonu

Shops:
D:1 =   D:7 !   D:9 [   D:14 =   Orc:2 :[[?   Vaults:2 *[[(   Vaults:3 ?
Depths:2 *

Portals:
Hell: Depths:1 Depths:2 Depths:3 Depths:4
Abyss: Lair:5 Depths:3
Pandemonium: Depths:2
Ziggurat: Depths:2

Annotations:
D:1 exclusion: downstairs
Lair:4 2 transporters
Elf:2 exclusion: 3 doors
Abyss:1 Arachne


Innate Abilities, Weirdness & Mutations

You are small and have problems with some larger weapons.
You are completely attuned to the shadows.
You have sharp fingernails.
You have hoof-like feet.
You are completely covered in iridescent scales. (AC +6)
You have an uncontrollable temper.
You are clumsy. (Dex -2)
Your flesh is cold resistant. (rC+)
Your flesh is heat resistant. (rF+)
You are strong-willed. (Will+)
You are extremely robust. (+30% HP)
Your muscles are very strong. (Str +8, Int/Dex -2)
You occasionally lose the ability to read scrolls when taking damage.


Message History

This square is covered in magical glow.
You begin to meditate on the wall.
You continue meditating on the rock. x2
You finish merging with the rock.
You climb upwards.
There is a stone staircase leading down here.
(D) Dungeon (T) Temple (L) Lair (A) Shoals (N) Spider Nest (M) Slime Pits (O) Orcish Mines (E) Elven Halls (V) Vaults (C) Crypt (U) Depths (H) Hell (Z) Zot
Where to? (Tab/Enter - D:1 @ (x,y), ? - help) Xom's power brushes against you for a moment.
Your body is suffused with distortional energy.
You feel less cold resistant.
Your hands feel fleshier.
You shed all your fur.
Your fingernails look duller.
There is a stone staircase leading up here.
There is a stone staircase leading up here.
You climb upwards.
Level annotation: exclusion: downstairs
There is a stone staircase leading down here.
(D) Dungeon (T) Temple (L) Lair (A) Shoals (N) Spider Nest (M) Slime Pits (O) Orcish Mines (E) Elven Halls (V) Vaults (C) Crypt (U) Depths (H) Hell (Z) Zot
Where to? (Tab/Enter - D:1 @ (x,y), ? - help)
What level of the Dungeon? (default 1, ? - help)
A tormentor comes into view.
Space momentarily warps into an impossible shape!
You closely miss the tormentor.
Space momentarily warps into an impossible shape!
You chop the tormentor into pieces!!!
You kill the tormentor!
You can't see any susceptible monsters within range! (Use Z to cast anyway.)
You can't see any susceptible monsters within range! (Use Z to cast anyway.)
(D) Dungeon (T) Temple (L) Lair (A) Shoals (N) Spider Nest (M) Slime Pits (O) Orcish Mines (E) Elven Halls (V) Vaults (C) Crypt (U) Depths (H) Hell (Z) Zot
Where to? (Tab/Enter - D:1 @ (x,y), ? - help)
There is a staircase leading out of the dungeon here.
You have escaped!

##..†.####.#
##~~...P..~....##
....)......#
#.~.P..~..~P....#
##.#.###...#
#≈~~.P.~........#
#.........#
##~~~.......P..##
####.#######
#.~~P.PP.....~~P#
#....#
#~.#...~......P.#
#.####
##.#P.~.P...~...#
#.#
##P.......PP~~.#
#.#
#@..P.....≈~..#
..#
###############
###


There were no monsters in sight!

Vanquished Creatures
  2 dread liches (Zot:5)
  An ancient lich (Zot:5)
  6 orbs of fire
  Vv (Depths:4)
  Sojobo (Vaults:3)
  Boris (twice) (Vaults:3 Vaults:5)
  6 Killer Klowns (Zot:5)
  Saint Roka (Vaults:3)
  Margery (Vaults:3)
  2 curse toes
  Norris (Vaults:2)
  7 golden dragons
  A Tzitzimitl (Depths:4)
  2 doom hounds (Depths:4)
  A hellephant (Depths:1)
  An electric golem (Zot:2)
  2 titans
  7 liches
  17 Orb Guardians
  Grunn (Depths:4)
  6 quicksilver dragons
  11 tentacled monstrosities
  A searing wretch (Vaults:3)
  2 deep elf blademasters (Elf:3)
  A walking divine tome (Depths:2)
  3 deep elf master archers
  Polyphemus (Shoals:2)
  A kraken (Shoals:4)
  3 sphinxes (Vaults:5)
  11 death cobs
  7 tengu reavers
  10 shadow dragons
  Agnes (Elf:1)
  9 storm dragons
  10 draconian monks
  Roxanne (Spider:3)
  4 draconian knights
  4 fire giants
  7 draconian shifters
  3 balrugs
  3 emperor scorpions
  Louise (Elf:2)
  3 iron dragons
  5 draconian scorchers
  5 ghost moths
  7 deep elf sorcerers
  5 frost giants
  5 deep elf elementalists
  2 orc warlords
  20 vault wardens
  A broodmother (Spider:4)
  4 draconian annihilators
  16 ironbound preservers
  A juggernaut skeleton (Abyss:3)
  3 formless jellyfish
  12 green draconians
  7 deep elf demonologists
  3 putrid mouths (Depths:4)
  13 very ugly things
  6 black draconians
  13 stone giants
  7 ironbound thunderhulks
  6 deep elf death magi
  2 vampire knights
  4 deep elf annihilators (Elf:3)
  5 yellow draconians
  13 red draconians
  15 dire elephants
  10 purple draconians
  6 spark wasps
  3 war gargoyles
  13 ettins
  16 white draconians
  The ghost of zeratav the Placeless Oni, a journeyman OnWr of the Shining One (D:10)
  2 merfolk impalers
  7 entropy weavers
  4 fire dragons
  5 great orbs of eyes
  Fannar (Lair:2)
  3 merfolk javelineers (Shoals:4)
  23 yaktaur captains
  Josephine (D:12)
  4 deep elf high priests
  8 ice dragons
  4 hydras
  A merfolk avatar (Shoals:4)
  2 radroaches
  2 hell beasts
  5 rakshasas
  3 catoblepae
  5 centaur warriors
  4 spriggan air magi
  36 vault guards
  4 ogre magi
  A peacekeeper (Vaults:3)
  5 boulder beetles
  2 alligator snapping turtles
  A boulder beetle (shapeshifter) (D:15)
  7 two-headed ogres
  7 ironbound frosthearts
  4 merfolk aquamancers (Shoals:4)
  3 deep troll shamans
  7 death yaks
  5 satyrs
  25 dancing weapons
  An anaconda (shapeshifter) (Vaults:5)
  A vampire mage (Depths:4)
  5 demonic crawlers
  4 tengu warriors
  2 hell hogs (Depths:1)
  5 naga sharpshooters
  7 orc high priests
  11 deep troll earth magi
  3 occultists
  2 thrashing horrors
  A spriggan berserker (Depths:2)
  A shock serpent (Depths:3)
  Nergalle (D:11)
  13 deep elf knights
  2 sun demons
  8 skeletal warriors (D:13)
  9 pharaoh ants
  7 sea snakes
  5 hell knights
  Amaemon (Lair:1)
  A fire crab (shapeshifter) (Vaults:5)
  8 skysharks
  7 iron trolls
  A sixfirhy (Depths:2)
  2 shadow demons (Depths:3)
  41 deep trolls
  2 large abominations (Lair:5)
  10 arcanists
  17 deep elf archers
  A mana viper (shapeshifter) (Depths:3)
  7 orb spiders
  8 phantasmal warriors (Vaults:5)
  A flayed ghost (Depths:2)
  12 lindwurms
  12 orc knights
  28 ironbound convokers
  19 harpies
  29 deep elf zephyrmancers
  15 wolf spiders
  An oklob plant (Lair:5)
  A steelbarb worm (shapeshifter) (Vaults:5)
  22 ugly things
  5 steelbarb worms
  2 necromancers
  32 deep elf pyromancers
  9 cyclopes
  5 orc sorcerers
  3 salamanders (D:15)
  18 fauns
  A shining eye (D:12)
  2 shining eyes (shapeshifter)
  4 black mambas
  A meliai (shapeshifter) (Lair:5)
  33 moths of wrath
  7 merfolk sirens
  7 manticores
  9 meliai (Depths:3)
  3 water nymphs
  A kobold blastminer (Orc:2)
  The ghost of pokeman the Thaumaturge, a novice DEHW (D:6)
  A black mamba (shapeshifter) (Elf:2)
  A water nymph (shapeshifter) (Vaults:5)
  7 elephants
  A rust devil (D:15)
  14 vault sentinels
  An elephant (shapeshifter) (Vaults:2)
  5 torpor snails
  An orange demon (Lair:1)
  A torpor snail (shapeshifter) (Vaults:5)
  17 cane toads
  4 gargoyles (D:15)
  3 smoke demons
  6 rime drakes
  10 komodo dragons
  49 yaktaurs
  2 unseen horrors
  4 freezing wraiths
  A kobold demonologist (D:12)
  3 tormentors
  3 efreet
  2 komodo dragons (shapeshifter)
  2 tengu conjurers
  7 merfolk
  6 trolls
  A red devil (Zot:1)
  A queen bee (Depths:3)
  A queen bee (shapeshifter) (Lair:5)
  A merfolk (shapeshifter) (Vaults:5)
  2 polar bears
  2 wind drakes
  2 wolf spider simulacra (D:15)
  A polar bear (shapeshifter) (D:14)
  5 hornets
  13 dream sheep
  6 snapping turtles
  26 tarantellas
  35 blink frogs
  Grinder (D:3)
  3 raiju
  A glass eye (Depths:1)
  2 ettin zombies (Vaults:2)
  A centaur simulacrum (D:14)
  A deep troll zombie (Vaults:2)
  21 slime creatures
  A spriggan (shapeshifter) (Lair:5)
  2 ynoxinuls
  23 culicivoras
  3 water elementals
  2 spriggans (Lair:5)
  A shadow (D:11)
  3 vampires
  7 wraiths
  30 yaks
  21 jumping spiders
  A yak (shapeshifter) (Lair:5)
  3 air elementals
  A hog (shapeshifter) (Vaults:5)
  2 wyverns
  10 basilisks
  2 fire elementals (Elf:1)
  A golden eye (shapeshifter) (Elf:3)
  A golden eye (Zot:1)
  3 humans (D:13)
  61 redbacks
  A warg (Orc:1)
  2 steam dragons (D:8)
  3 vampire mosquitoes (D:11)
  11 water moccasins
  2 acid dragons
  A glowing shapeshifter skeleton (Vaults:2)
  A meliai simulacrum (D:15)
  16 orc warriors
  A black bear (D:6)
  2 sky beasts
  3 ice beasts
  4 boggarts
  2 laughing skulls
  A crocodile (D:15)
  6 ogres
  20 centaurs
  18 wolves
  A centaur (shapeshifter) (D:13)
  A brain worm (shapeshifter) (Lair:1)
  12 bullfrogs
  A brain worm (Abyss:3)
  3 earth elementals (Elf:1)
  A gnoll sergeant (D:13)
  3 scorpions
  11 small abominations (Lair:5)
  11 killer bees
  An electric eel (Lair:2)
  5 howler monkeys (D:10)
  A crimson imp (D:4)
  A bombardier beetle (D:5)
  A quasit (Abyss:3)
  2 hounds
  3 jellies
  16 orc priests
  2 sleepcaps (D:6)
  4 hell rats (Lair:3)
  5 iguanas
  Terence (D:2)
  23 orc wizards
  A boggart simulacrum (D:12)
  10 adders
  4 gnolls (D:13)
  A shadow imp (D:7)
  2 white imps
  2 ribbon worms
  86 orcs
  9 ball pythons
  4 bats
  6 endoplasms
  5 giant cockroaches
  7 goblins
  5 hobgoblins
  7 jackals
  5 quokkas
  8 frilled lizards
  4 kobolds
  4 rats
1891 creatures vanquished.

Vanquished Creatures (collateral kills)
  A Killer Klown (Zot:5)
  A tentacled monstrosity (Zot:5)
  3 Orb Guardians (Zot:5)
  A death cob (Zot:5)
  Frances (D:14)
  A draconian scorcher (Zot:2)
  A deep elf sorcerer (Elf:3)
  A draconian annihilator (Zot:4)
  2 ironbound preservers (Vaults:5)
  A stone giant (Vaults:5)
  A purple draconian (Zot:5)
  A black draconian (Zot:4)
  A green draconian (Zot:2)
  2 merfolk impalers
  A vault guard (Vaults:5)
  2 two-headed ogres
  A dancing weapon (Elf:2)
  A deep elf knight (Elf:2)
  2 pharaoh ants
  A deep troll (Vaults:3)
  A deep elf pyromancer (Elf:2)
  An ugly thing (D:14)
  A moth of wrath (Zot:4)
  2 trolls
  A blink frog (Lair:4)
  2 tarantellas (Spider:2)
  2 shadows
  A centaur simulacrum (D:14)
  A basilisk (D:9)
  A redback (Spider:1)
  A black bear (D:9)
  A centaur (D:14)
  An orc (D:7)
  A jackal (D:1)
  A frilled lizard (D:1)
44 creatures vanquished.

Vanquished Creatures (others)
  A golden dragon (Depths:4)
  An eldritch tentacle (D:9)
  A draconian knight (Depths:4)
  A fire giant (Vaults:5)
  A sun demon (D:15)
  An ugly thing (D:14)
  A moth of wrath (Zot:1)
  A salamander (D:15)
  An acid dragon (Elf:2)
  2 orc warriors
  3 orcs
  6 spectral weapons
20 creatures vanquished.

Grand Total: 1955 creatures vanquished

Notes
Turn   | Place    | Note
-------+----------+-------------------------------------------
     0 | D:1      | ragingrage the Kobold Chaos Knight began the quest for the
                  | Orb.
     0 | D:1      | Reached XP level 1. HP: 14/14 MP: 1/1
    74 | D:1      | Reached XP level 2. HP: 14/19 MP: 2/2
   117 | D:1      | XOM: divination: magic mapping
   155 | D:1      | Reached skill level 5 in Short Blades
   188 | D:1      | XOM: silly message
   209 | D:1      | Found Nam Vuiq's Jewellery Emporium.
   270 | D:1      | Reached XP level 3. HP: 20/23 MP: 3/3
   327 | D:1      | XOM: smoke on damage
   420 | D:1      | Reached skill level 1 in Stealth
   433 | D:1      | XOM: silly message
   633 | D:1      | XOM: divination: magic mapping
   827 | D:1      | XOM: divination: magic mapping
   985 | D:2      | Noticed Terence
  1106 | D:2      | Reached XP level 4. HP: 28/28 MP: 4/4
  1493 | D:2      | XOM: silly message
  1495 | D:2      | Killed Terence
  1496 | D:2      | Reached XP level 5. HP: 20/32 MP: 5/5
  1837 | D:3      | XOM: god gift: scroll of teleportation
  1916 | D:3      | Noticed Grinder
  2207 | D:3      | Found a faded altar of an unknown god.
  2256 | D:3      | XOM: divination: detect items
  2491 | D:3      | XOM: 2-stop teleportation journey
  2862 | D:4      | Noticed an ogre
  2866 | D:4      | Killed an ogre
  2867 | D:4      | Reached XP level 6. HP: 36/37 MP: 6/6
  2883 | D:4      | XOM: give mutations
  2883 | D:4      | Gained mutation: You are weak. (Str -2) [Xom's mischief]
  2883 | D:4      | Gained mutation: You occasionally shout uncontrollably at
                  | your foes. [Xom's mischief]
  2883 | D:4      | Gained mutation: You are vulnerable to heat. (rF-) [Xom's
                  | mischief]
  2883 | D:4      | Gained mutation: Your system is resistant to poisons.
                  | (rPois) [Xom's mischief]
  2886 | D:4      | XOM is BORED!
  2886 | D:4      | XOM: summons 4 hostile demons
  2890 | D:5      | Entered Level 5 of the Dungeon
  2916 | D:5      | XOM: give mutation
  2916 | D:5      | Gained mutation: You have large cloven feet. [Xom's grace]
  2960 | D:5      | Noticed an ogre
  2970 | D:5      | Killed an ogre
  2971 | D:5      | Reached XP level 7. HP: 37/42 MP: 7/7
  2971 | D:5      | Identified the +3 scale mail of a volcano {+Inv rPois}
  2998 | D:5      | XOM: give mutations
  2998 | D:5      | Gained mutation: You are robust. (+10% HP) [Xom's grace]
  2998 | D:5      | Gained mutation: You have a pair of small antennae on your
                  | head. [Xom's grace]
  2998 | D:5      | Gained mutation: You are partially covered in iridescent
                  | scales. (AC +2) [Xom's grace]
  3678 | D:5      | XOM: god gift: 13 gold pieces
  3687 | D:5      | Reached skill level 5 in Fighting
  3687 | D:5      | Reached skill level 10 in Short Blades
  3687 | D:5      | Reached XP level 8. HP: 53/53 MP: 8/8
  3743 | D:5      | Reached skill level 1 in Evocations
  3970 | D:5      | XOM: scenery: summon butterflies
  4199 | D:6      | Found a transporter.
  4202 | D:6      | Found a transporter.
  4202 | D:6      | Noticed pokeman's ghost (novice DEHW)
  4283 | D:6      | XOM: divination: detect items
  4292 | D:6      | Reached skill level 5 in Stealth
  4330 | D:6      | XOM: give mutations
  4330 | D:6      | Gained mutation: You are very robust. (+20% HP) [Xom's
                  | grace]
  4330 | D:6      | Gained mutation: Your spells are a little harder to cast,
                  | but a little more powerful. [Xom's grace]
  4352 | D:6      | XOM: fake destruction
  4360 | D:6      | Identified the +0 hand axe of Viemo {speed, SInv}
  4512 | D:6      | XOM: chaos cloud
  4559 | D:6      | Found a staircase to the Ecumenical Temple.
  4566 | Temple   | Entered the Ecumenical Temple
  4702 | D:6      | XOM: draining
  4712 | D:6      | Noticed a cyclops
  5005 | D:6      | XOM: scenery: 1 doors close
  5018 | D:6      | XOM: cloud trail
  5062 | D:6      | Identified the +1 trident "Jaorchog" {venom, rElec rF+ rN+}
  5150 | D:6      | XOM: god gift: pair of ichor-stained gloves {god gift}
  5150 | D:6      | Identified the +2 pair of gloves of Cowardice {*Slow Str+9}
                  | (Xom gifted it to you on level 6 of the Dungeon)
  5162 | D:7      | XOM: stealth player
  5175 | D:7      | XOM: enchant monster (bad)
  5231 | D:7      | Reached skill level 3 in Dodging
  5231 | D:7      | Reached XP level 9. HP: 58/63 MP: 9/9
  5238 | D:7      | Noticed a two-headed ogre
  5238 | D:7      | XOM: 5-stop teleportation journey
  5313 | D:7      | XOM: silly message
  5320 | D:7      | Killed a two-headed ogre
  5321 | D:7      | Reached skill level 4 in Dodging
  5337 | D:7      | Reached skill level 5 in Dodging
  5337 | D:7      | XOM: silly message
  5766 | D:7      | Found Peasiuc's Distillery.
  5773 | D:7      | Bought a potion of haste for 160 gold pieces
  5773 | D:7      | Bought a potion of curing for 48 gold pieces
  5773 | D:7      | Bought a potion of heal wounds for 80 gold pieces
  5792 | D:7      | XOM: cloud trail
  6167 | D:8      | Reached skill level 6 in Dodging
  6212 | D:8      | Reached XP level 10. HP: 73/76 MP: 10/10
  6217 | D:8      | XOM: cast spell 'Iskenderun's Battlesphere'
  6221 | D:8      | XOM: confuse monster(s)
  6271 | D:8      | XOM: 3-stop teleportation journey
  6296 | D:8      | Identified the staff of the Hierophant {rPois Str+3 SInv
                  | Alchemy}
  6460 | D:8      | Found a shimmering blue altar of Sif Muna.
  6466 | D:8      | Reached skill level 7 in Dodging
  6471 | D:8      | Found a hide-covered altar of Uskayaw.
  6471 | D:8      | Noticed a two-headed ogre
  6503 | D:8      | XOM: polymorph butterfly -> dart slug
  6537 | D:8      | Killed a two-headed ogre
  6538 | D:8      | Reached skill level 10 in Stealth
  6538 | D:8      | Reached skill level 5 in Evocations
  6588 | D:8      | XOM: torment (25/78 hp)
  7261 | D:9      | Found a basalt altar of Yredelemnul.
  7379 | D:9      | XOM: polymorph orc wizard -> basilisk
  7395 | D:9      | XOM: polymorph basilisk -> orc
  7400 | D:9      | XOM: fog
  7405 | D:9      | XOM: silly message
  7509 | D:9      | Found Gekhiub's Antique Armour Shop.
  7609 | D:9      | XOM: 1-stop teleportation journey
  7676 | D:9      | XOM: enchant monster (bad)
  7682 | D:9      | XOM: give mutations
  7682 | D:9      | Lost mutation: Your spells are a little harder to cast, but
                  | a little more powerful. [Xom's mischief]
  7682 | D:9      | Lost mutation: You occasionally shout uncontrollably at
                  | your foes. [Xom's mischief]
  7706 | D:9      | XOM: swap monsters
  7723 | D:9      | XOM: smoke on damage
  7784 | D:9      | Noticed an elephant
  7785 | D:9      | Found a staircase to the Lair.
  7793 | D:9      | XOM: fog
  7995 | D:9      | XOM: scenery: create altars
  7997 | D:9      | XOM: potion effect (haste)
  8004 | D:9      | XOM: enchant monster (bad)
  8015 | D:9      | XOM: cast spell 'Malign Gateway'
  8019 | D:9      | XOM: confuse monster(s)
  8022 | D:9      | XOM: confuse monster(s)
  8023 | D:9      | Killed an elephant
  8024 | D:9      | Reached skill level 8 in Dodging
  8026 | D:9      | XOM: divination: detect items
  8038 | D:9      | Reached XP level 11. HP: 72/85 MP: 11/11
  8155 | D:9      | XOM: cloud trail
  8187 | D:9      | XOM: god gift: wand of mindburst (3)
  8397 | D:9      | Found a transporter.
  8467 | D:10     | Entered Level 10 of the Dungeon
  8513 | D:10     | XOM: divine lightning
  8575 | D:10     | XOM: scenery: summon butterflies
  8599 | D:9      | XOM: polymorph yak -> killer bee
  8614 | D:9      | XOM: summons 1 friendly demon
  8719 | D:9      | XOM: cast spell 'Disjunction'
  8745 | D:9      | XOM: fake destruction
  8746 | D:9      | XOM: cast spell 'Leda's Liquefaction'
  8749 | D:9      | XOM: enchant monster (good)
  8812 | D:10     | Found a staircase to the Orcish Mines.
  8829 | D:10     | Reached skill level 10 in Fighting
  8905 | D:10     | XOM: cloud trail
  9016 | D:10     | Found a transporter.
  9018 | D:10     | Noticed a two-headed ogre
  9019 | D:10     | Found a transporter.
  9019 | D:10     | Noticed zeratav's ghost (journeyman OnWr)
  9064 | D:10     | XOM: scenery: create altars
  9085 | D:10     | Reached skill level 9 in Dodging
  9133 | D:10     | Noticed an orc knight
  9152 | D:10     | Identified the +0 leather armour of Youthful Indiscretion
                  | {rF- Dex+4 SInv}
  9214 | D:10     | XOM: confusion (+ monsters)
  9402 | D:10     | XOM: confuse monster(s)
  9424 | D:10     | Reached skill level 10 in Dodging
  9684 | D:4      | Found a burning altar of Makhleb.
  9684 | D:4      | Found a radiant altar of Vehumet.
  9775 | D:4      | You fall into a shaft and drop 2 floors!
  9777 | D:6      | XOM: scenery: summon butterflies
 10165 | D:3      | Killed Grinder
 10268 | D:3      | Found a faded altar of an unknown god.
 10648 | D:10     | Found a hazy altar of Hepliaklqana.
 10753 | D:10     | XOM: draining
 10774 | D:10     | XOM: noise
 10795 | D:10     | Noticed a two-headed ogre
 10892 | D:11     | XOM: enchant monster (bad)
 10926 | D:11     | Reached skill level 1 in Shapeshifting
 10997 | D:11     | XOM: noise
 11009 | D:11     | XOM: summons 4 friendly demons
 11009 | D:11     | XOM: smoke on damage
 11031 | D:11     | Noticed a boulder beetle
 11353 | D:11     | Noticed a cyclops
 11359 | D:11     | Killed a cyclops
 11401 | D:11     | Identified the +3 ring mail of Azisa {Regen+ Str+2 Stlth+}
 11683 | D:11     | XOM: scenery: create altars
 11755 | D:11     | Noticed a centaur warrior
 11755 | D:11     | Noticed an ogre mage
 11755 | D:11     | Noticed a manticore
 11755 | D:11     | XOM: 5-stop teleportation journey
 11756 | D:11     | Killed a manticore
 11757 | D:11     | Reached XP level 12. HP: 94/94 MP: 12/12
 11757 | D:11     | Noticed a four-headed hydra
 11758 | D:11     | Killed a centaur warrior
 11761 | D:11     | XOM: enchant monster (bad)
 11956 | D:11     | Noticed a boulder beetle
 11958 | D:11     | Killed a boulder beetle
 12173 | D:11     | Noticed a two-headed ogre
 12186 | D:11     | XOM: summons 3 hostile shadow creatures
 12187 | D:11     | Killed a two-headed ogre
 12220 | D:11     | Noticed a two-headed ogre
 12222 | D:11     | Killed a two-headed ogre
 12238 | D:11     | Noticed Nergalle
 12241 | D:11     | Killed Nergalle
 12277 | D:11     | Noticed a seven-headed hydra
 12284 | D:11     | Killed a seven-headed hydra
 12285 | D:11     | XOM: enchant monster (bad)
 12286 | D:11     | XOM: blink monster(s)
 12351 | D:11     | Killed a four-headed hydra
 12363 | D:11     | Identified the +0 sling "Lifebane" {flame, rF+}
 12363 | D:11     | Identified the +6 scale mail of Wisdom {Fly rCorr Slay-6
                  | Stlth+}
 12363 | D:11     | Noticed a tengu warrior
 12369 | D:11     | Killed a tengu warrior
 12400 | D:11     | XOM: confusion
 12404 | D:11     | XOM: summons 4 hostile demons
 12406 | D:11     | XOM: fog
 12413 | D:11     | XOM: destruction
 12441 | D:11     | XOM: summons 3 hostile demons
 12442 | D:11     | XOM: polymorph quasit -> lemure
 12456 | D:11     | Reached XP level 13. HP: 69/103 MP: 13/13
 12499 | D:11     | Killed an ogre mage
 12615 | D:11     | Identified the +2 hand axe "Ysaffese" {protect, Fly MP-9
                  | Str+4 Dex+2}
 12778 | D:11     | XOM: silly message
 13046 | D:1      | Bought the brooch of Shielding {Spirit SH+8} for 845 gold
                  | pieces
 13046 | D:1      | Found the brooch of Shielding {Spirit SH+8}
 13303 | D:9      | Bought a pair of runed gloves for 225 gold pieces
 13307 | D:9      | Bought a pair of runed gloves for 225 gold pieces
 14065 | D:12     | XOM: polymorph komodo dragon -> shining eye
 14076 | D:12     | Gained mutation: You are dopey. (Int -2) [a shining eye]
 14171 | D:12     | Noticed Josephine
 14291 | D:12     | XOM: 5-stop teleportation journey
 14296 | D:12     | XOM: summons 7 hostile demons
 14352 | D:11     | XOM: cloud trail
 14625 | D:12     | XOM: fog
 14663 | D:12     | Reached skill level 11 in Dodging
 14854 | D:11     | XOM: noise
 14897 | Lair:1   | Entered Level 1 of the Lair of Beasts
 14919 | Lair:1   | Reached skill level 15 in Stealth
 15004 | Lair:1   | XOM: 2-stop teleportation journey
 15022 | Lair:1   | Identified the ring of the Pharaoh's Fist {rC+ rN+ Int+6
                  | Dex+2}
 15156 | Lair:1   | XOM: confuse monster(s)
 15157 | Lair:1   | XOM: 9-stop teleportation journey
 15191 | Lair:1   | XOM: polymorph water moccasin -> shapeshifter
 15297 | Lair:1   | XOM: smoke on damage
 15351 | Lair:1   | Reached skill level 1 in Alchemy
 15401 | Lair:1   | Noticed Amaemon
 15406 | Lair:1   | XOM: divination: detect creatures
 15413 | Lair:1   | XOM: potion effect (brilliance)
 15421 | Lair:1   | XOM: confuse monster(s)
 15424 | Lair:1   | Killed Amaemon
 15475 | Lair:1   | XOM: divination: magic mapping
 15584 | Lair:1   | You fall into a shaft and drop 1 floor!
 15584 | Lair:2   | Noticed Fannar
 15586 | Lair:2   | Killed Fannar
 15625 | Lair:2   | XOM: summons friendly crimson imp
 15647 | Lair:2   | XOM: scenery: 1 doors open, 1 doors close
 15667 | Lair:2   | XOM: summons 6 friendly demons
 15746 | Lair:2   | Reached XP level 14. HP: 106/112 MP: 12/14
 15889 | Lair:2   | XOM: fog
 15969 | Lair:2   | XOM: summons friendly iron imp
 15981 | Lair:2   | XOM: fog
 16008 | Lair:2   | Learned a level 4 spell: Olgreb's Toxic Radiance
 16027 | Lair:2   | XOM: cleaving
 16032 | Lair:2   | Reached skill level 12 in Dodging
 16032 | Lair:2   | XOM: 1-stop teleportation journey
 16259 | Lair:2   | Found a hole to the Spider Nest.
 16307 | Lair:2   | Found a white marble altar of Elyvilon.
 16661 | Lair:2   | XOM: cloud trail
 16664 | Lair:2   | Found a staircase to the Shoals.
 16902 | Lair:3   | XOM: stealth player
 17425 | Lair:3   | XOM: potion effect (berserk rage)
 17553 | Lair:3   | Identified the +0 pair of boots of the Lachrymose Wumpus
                  | {Harm Str+6 Slay-3} (Xom gifted it to you on level 3 of the
                  | Lair of Beasts)
 17553 | Lair:3   | XOM: god gift: +0 pair of boots of the Lachrymose Wumpus
                  | {Harm Str+6 Slay-3}
 17561 | Lair:3   | XOM: confuse monster(s)
 17570 | Lair:3   | Reached skill level 10 in Evocations
 17572 | Lair:3   | XOM: noise
 17717 | Lair:3   | XOM: 6-stop teleportation journey
 17864 | Lair:3   | Reached skill level 5 in Alchemy
 18174 | Lair:4   | XOM: 3-stop teleportation journey
 18205 | Lair:4   | Found a transporter.
 18288 | Lair:4   | XOM: enchant monster (bad)
 18305 | Lair:4   | XOM: divination: detect items
 18308 | Lair:4   | XOM: confuse monster(s)
 18310 | Lair:4   | Reached skill level 13 in Dodging
 18404 | Lair:4   | Found a transporter.
 18414 | Lair:4   | XOM: give mutations
 18414 | Lair:4   | Lost mutation: Your system is resistant to poisons. (rPois)
                  | [Xom's mischief]
 18414 | Lair:4   | Gained mutation: You sometimes lose your temper in combat.
                  | [Xom's mischief]
 18414 | Lair:4   | Gained mutation: Your health recovers twice as slowly from
                  | being drained. [Xom's mischief]
 18682 | Lair:4   | XOM: scenery: create altars
 18687 | Lair:4   | XOM: cast spell 'Summon Horrible Things'
 18719 | Lair:4   | XOM: silly message
 18856 | Lair:4   | XOM: silly message
 18886 | Lair:4   | Identified the +1 leather armour of Hairiness {Dex+4}
 19186 | Lair:4   | XOM: fake destruction
 19229 | Lair:5   | Entered Level 5 of the Lair of Beasts
 19242 | Lair:5   | XOM: divination: magic mapping
 19258 | Lair:5   | XOM: fake destruction
 19392 | Lair:5   | XOM: confusion (+ monsters)
 19568 | Lair:5   | XOM: confusion (+ monsters)
 19574 | Lair:5   | XOM: confusion (+ monsters)
 19587 | Lair:5   | XOM: give mutations
 19587 | Lair:5   | Lost mutation: You are dopey. (Int -2) [Xom's mischief]
 19587 | Lair:5   | Gained mutation: You are vulnerable to cold. (rC-) [Xom's
                  | mischief]
 19591 | Lair:5   | XOM: 1-stop teleportation journey
 19742 | Lair:5   | XOM: confusion
 19746 | Lair:5   | XOM: potion effect (invisibility)
 19747 | Lair:5   | Reached XP level 15. HP: 120/120 MP: 11/15
 19755 | Lair:5   | Reached skill level 14 in Dodging
 19775 | Lair:5   | XOM: god gift: atropa-tipped dart
 19862 | Lair:5   | XOM: divination: detect creatures
 19985 | Lair:5   | XOM: noise
 20140 | Lair:5   | Found a staircase to the Slime Pits.
 20224 | Lair:5   | XOM: silly message
 20272 | Lair:5   | Learned a level 4 spell: Ignite Poison
 20277 | Lair:5   | Learned a level 4 spell: Sticky Flame
 20364 | Lair:5   | XOM: god gift: 2 throwing nets
 20449 | Lair:5   | XOM: enchant monster (good)
 20638 | Lair:5   | XOM: summons 9 friendly demons
 20658 | Lair:5   | XOM: 2-stop teleportation journey
 20804 | Lair:5   | XOM: polymorph basilisk -> moth of wrath
 20810 | Lair:5   | Reached skill level 1 in Spellcasting
 20810 | Lair:5   | Reached skill level 1 in Fire Magic
 20966 | Lair:5   | XOM: confusion (+ monsters)
 20996 | Lair:5   | XOM: silly message
 21017 | Lair:5   | XOM: confusion (+ monsters)
 21092 | Lair:5   | XOM: noise
 21264 | Lair:5   | Found a corrupted altar of Lugonu.
 21274 | Lair:5   | Found a one-way gate to the infinite horrors of the Abyss.
 21278 | Lair:5   | Identified the ring of Omor {rN+ EV+5}
 21453 | Lair:5   | XOM: draining
 21645 | Orc:1    | Entered Level 1 of the Orcish Mines
 22185 | Orc:1    | XOM: chaos upgrade
 22259 | Orc:1    | XOM: stat loss: -1 Dex (21/22)
 22319 | Orc:1    | XOM: give mutations
 22319 | Orc:1    | Gained mutation: You are very vulnerable to cold. (rC--)
                  | [Xom's mischief]
 22319 | Orc:1    | Lost mutation: You are partially covered in iridescent
                  | scales. (AC +2) [Xom's mischief]
 22319 | Orc:1    | Lost mutation: You are weak. (Str -2) [Xom's mischief]
 22319 | Orc:1    | Lost mutation: You are very vulnerable to cold. (rC--)
                  | [Xom's mischief]
 22319 | Orc:1    | Lost mutation: You are vulnerable to cold. (rC-) [Xom's
                  | mischief]
 22319 | Orc:1    | Gained mutation: Your flesh is cold resistant. (rC+) [Xom's
                  | mischief]
 22388 | Orc:2    | Entered Level 2 of the Orcish Mines
 22406 | Orc:2    | XOM: enchant monster (bad)
 22407 | Orc:2    | XOM: enchant monster (good)
 22414 | Orc:2    | Reached skill level 1 in Throwing
 22416 | Orc:2    | Reached skill level 10 in Alchemy
 22641 | Orc:2    | Found a staircase to the Elven Halls.
 22881 | Orc:2    | XOM: noise
 22893 | Orc:2    | Reached skill level 5 in Fire Magic
 23019 | Orc:2    | XOM is BORED!
 23019 | Orc:2    | XOM: summons 1 hostile demon
 23081 | Orc:2    | XOM: silly message
 23086 | Orc:2    | XOM: summons friendly crimson imp
 23096 | Orc:2    | Paralysed by an orc sorcerer for 3 turns
 23457 | Orc:2    | XOM: enchant monster (good)
 23573 | Orc:2    | XOM: cloud trail
 23602 | Orc:2    | XOM: potion effect (attraction)
 23671 | Orc:2    | Found Walleuka's Book Shop.
 23671 | Orc:2    | Found Alycseemm's Magic Scroll Shoppe.
 23758 | Orc:2    | Found Wuce's Antique Armour Shop.
 23758 | Orc:2    | Found Zotonogg's Armour Shoppe.
 23764 | Orc:2    | Bought a glowing cloak for 202 gold pieces
 23773 | Orc:2    | Bought a scroll of enchant weapon for 97 gold pieces
 23777 | Orc:2    | Bought a pair of warped gloves for 256 gold pieces
 23777 | Orc:2    | Identified the +2 pair of gloves of a bailey {-Tele rN++}
                  | (You bought it in a shop on level 2 of the Orcish Mines)
 23778 | Orc:2    | Bought a shiny buckler for 202 gold pieces
 23973 | D:13     | XOM: divination: magic mapping
 23978 | D:13     | XOM: enchant monster (bad)
 24004 | D:13     | XOM: confuse monster(s)
 24037 | D:13     | XOM: confuse monster(s)
 24039 | D:13     | Reached skill level 1 in Shields
 24040 | D:13     | Reached XP level 16. HP: 109/127 MP: 16/20
 24043 | D:13     | XOM: divination: detect items
 24090 | D:13     | XOM: cast spell 'Monstrous Menagerie'
 24091 | D:13     | XOM: confuse monster(s)
 24099 | D:13     | Reached skill level 5 in Throwing
 24101 | D:13     | Found a gate to the Vaults.
 24245 | D:13     | XOM: noise
 24268 | D:13     | XOM: cast spell 'Disjunction'
 24386 | D:13     | XOM: confuse monster(s)
 24419 | D:13     | XOM: summons 2 friendly demons
 24474 | D:13     | XOM: silly message
 24627 | D:13     | XOM: noise
 25071 | D:14     | XOM: noise
 25096 | D:15     | Entered Level 15 of the Dungeon
 25217 | D:15     | XOM: divination: detect creatures
 25222 | D:15     | XOM: enchant monster (bad)
 25364 | D:15     | Found a staircase to the Depths.
 25719 | D:13     | XOM: enchant monster (good)
 25828 | D:14     | XOM: enchant monster (good)
 25837 | D:14     | Noticed Frances
 25851 | D:13     | Reached skill level 5 in Shields
 25884 | D:13     | XOM: cast spell 'Summon Mana Viper'
 25906 | D:14     | Killed Frances
 26017 | D:14     | Found a shimmering altar of Xom.
 26263 | D:14     | Found Atiecija's Jewellery Shoppe.
 26306 | D:14     | XOM: cast spell 'Summon Hydra'
 26370 | D:14     | XOM: cloud trail
 26541 | D:14     | XOM: divination: detect items
 26650 | D:15     | XOM: confusion (+ monsters)
 26766 | D:15     | XOM: confuse monster(s)
 26830 | D:15     | Reached skill level 5 in Shapeshifting
 27055 | D:15     | Identified the staff "Hydrabane" {*Corrode rF+ Str+5 Fire}
 27129 | Abyss:3  | Cast into level 3 of the Abyss (an occultist)
 27129 | D:15     | Escaped the Abyss
 27129 | D:15     | XOM: revert banishment
 27135 | D:15     | XOM: polymorph yaktaur -> crocodile
 27136 | D:15     | Reached XP level 17. HP: 105/133 MP: 15/21
 27380 | D:15     | XOM: divine lightning
 27681 | D:14     | XOM: divination: detect items
 27743 | D:11     | XOM: divination: detect items
 27876 | Spider:1 | Entered Level 1 of the Spider Nest
 28173 | Spider:1 | XOM: scenery: create altars
 28179 | Spider:1 | XOM: enchant monster (good)
 28192 | Lair:2   | XOM: blink monster(s)
 28201 | Lair:2   | XOM: destruction
 28270 | Lair:2   | XOM: give mutations
 28270 | Lair:2   | Gained mutation: Your muscles are strong. (Str +4, Int/Dex
                  | -1) [Xom's grace]
 28270 | Lair:2   | Gained mutation: Your system is resistant to poisons.
                  | (rPois) [Xom's grace]
 28270 | Lair:2   | Gained mutation: Your spells are a little harder to cast,
                  | but a little more powerful. [Xom's grace]
 28284 | Spider:1 | XOM: 1-stop teleportation journey
 28417 | Spider:1 | XOM: confuse monster(s)
 28529 | Spider:1 | XOM: god gift: 7 stones
 28646 | Spider:1 | XOM: cast spell 'Summon Mana Viper'
 28964 | Spider:1 | XOM: summons 8 hostile demons
 29125 | Spider:2 | Identified a scroll of acquirement
 29147 | Spider:2 | XOM: give mutation
 29147 | Spider:2 | Lost mutation: Your spells are a little harder to cast, but
                  | a little more powerful. [Xom's mischief]
 29148 | Spider:2 | Acquired 913 gold pieces
 29580 | Spider:2 | XOM: 3-stop teleportation journey
 29640 | Spider:2 | XOM: 1-stop teleportation journey
 29725 | Spider:2 | Reached skill level 15 in Dodging
 29743 | Spider:2 | Reached skill level 15 in Fighting
 30121 | Spider:2 | XOM: cast spell 'Death Channel'
 30241 | Spider:2 | XOM: god gift: scroll of immolation
 30291 | Spider:2 | XOM: scenery: summon butterflies
 30382 | Spider:2 | XOM: divination: detect items
 30535 | Spider:3 | XOM: summons friendly quasit
 30540 | Spider:3 | Noticed Roxanne
 30648 | Spider:3 | Reached skill level 16 in Dodging
 30706 | Spider:3 | XOM: enchant monster (bad)
 30741 | Spider:3 | XOM: chaos cloud
 30989 | Spider:3 | Identified the +1 robe of the Thoughtful Souls {Will+}
 31006 | Spider:3 | XOM: summons friendly iron imp
 31023 | Spider:3 | Reached XP level 18. HP: 142/142 MP: 14/22
 31282 | Spider:4 | Entered Level 4 of the Spider Nest
 31610 | Spider:4 | Reached skill level 1 in Long Blades
 31785 | Spider:4 | XOM: summons friendly shadow imp
 31850 | Spider:4 | Noticed Arachne
 31881 | Spider:4 | XOM: 2-stop teleportation journey
 31903 | Spider:4 | XOM: polymorph Arachne -> Arachne
 31910 | Spider:4 | Banished Arachne
 32433 | Spider:4 | Reached skill level 5 in Long Blades
 32777 | Spider:4 | XOM: scenery: create altars
 33097 | Spider:4 | XOM: confuse monster(s)
 33103 | Spider:4 | XOM: give mutations
 33103 | Spider:4 | Gained mutation: Your muscles are very strong. (Str +8,
                  | Int/Dex -2) [Xom's grace]
 33103 | Spider:4 | Gained mutation: Your flesh is very cold resistant. (rC++)
                  | [Xom's grace]
 33103 | Spider:4 | Gained mutation: You have sharp fingernails. [Xom's grace]
 33103 | Spider:4 | Gained mutation: You are extremely robust. (+30% HP) [Xom's
                  | grace]
 33270 | Spider:4 | Got a gossamer rune of Zot
 33291 | Spider:4 | XOM: scenery: create altars
 33433 | Spider:2 | XOM: 3-stop teleportation journey
 33633 | D:10     | Killed zeratav's ghost
 33781 | D:6      | Killed pokeman's ghost
 33945 | D:9      | XOM: give mutations
 33945 | D:9      | Gained mutation: You are partially covered in iridescent
                  | scales. (AC +2) [Xom's grace]
 33945 | D:9      | Gained mutation: You have very sharp fingernails. [Xom's
                  | grace]
 33945 | D:9      | Gained mutation: You have supernaturally acute eyesight.
                  | (SInv) [Xom's grace]
 33945 | D:9      | Gained mutation: You are mostly covered in iridescent
                  | scales. (AC +4) [Xom's grace]
 33954 | D:9      | XOM: summons 9 hostile demons
 34174 | D:12     | Killed Josephine
 34207 | D:12     | Identified the serpent talisman of Qazlal's Envy {rElec
                  | rN+++ Str+3 Dex-2 Slay-5}
 34524 | Shoals:1 | Entered Level 1 of the Shoals
 34824 | Shoals:1 | XOM: 4-stop teleportation journey
 35162 | Shoals:1 | XOM: stat loss: -1 Dex (19/20)
 35829 | Shoals:2 | Noticed Polyphemus
 35848 | Shoals:2 | Killed Polyphemus
 35850 | Shoals:2 | Reached XP level 19. HP: 162/162 MP: 5/23
 36059 | Shoals:2 | XOM: give mutations
 36059 | Shoals:2 | Gained mutation: Your spells are a little harder to cast,
                  | but a little more powerful. [Xom's grace]
 36059 | Shoals:2 | Gained mutation: Your flesh is almost immune to the effects
                  | of cold. (rC+++) [Xom's grace]
 36059 | Shoals:2 | Gained mutation: You are somewhat resistant to further
                  | mutation. [Xom's grace]
 36307 | Shoals:2 | XOM: give mutation
 36307 | Shoals:2 | Lost mutation: Your flesh is almost immune to the effects
                  | of cold. (rC+++) [Xom's mischief]
 36411 | Shoals:2 | XOM: god gift: 5 stones
 36845 | Shoals:2 | XOM: polymorph water nymph -> water nymph
 37145 | Shoals:3 | XOM: cast spell 'Disjunction'
 37149 | Shoals:3 | XOM: 9-stop teleportation journey
 37600 | Shoals:3 | XOM: scenery: summon butterflies
 38478 | Shoals:4 | Entered Level 4 of the Shoals
 38910 | Shoals:4 | XOM: scenery: summon butterflies
 38939 | Shoals:4 | XOM is BORED!
 38939 | Shoals:4 | XOM: polymorph butterfly -> butterfly
 38964 | Shoals:4 | Reached skill level 10 in Long Blades
 38964 | Shoals:4 | Reached skill level 5 in Spellcasting
 38964 | Shoals:4 | XOM: polymorph merfolk javelineer -> manticore
 39391 | Shoals:4 | XOM: destruction
 39739 | Shoals:4 | XOM: scenery: summon butterflies
 39846 | Shoals:4 | XOM: cast spell 'Summon Cactus Giant'
 39850 | Shoals:4 | XOM: cloud trail
 39869 | Shoals:4 | Identified the +0 pair of gloves "Ibugonurghy" {-Tele rElec
                  | rF+}
 40043 | Shoals:4 | XOM: enchant monster (good)
 40074 | Shoals:4 | XOM: polymorph faun -> glowing shapeshifter
 40198 | Shoals:4 | Got a barnacled rune of Zot
 40286 | Shoals:4 | XOM: give mutations
 40286 | Shoals:4 | Lost mutation: You are somewhat resistant to further
                  | mutation. [Xom's mischief]
 40286 | Shoals:4 | Lost mutation: Your spells are a little harder to cast, but
                  | a little more powerful. [Xom's mischief]
 40286 | Shoals:4 | Lost mutation: You have a pair of small antennae on your
                  | head. [Xom's mischief]
 40286 | Shoals:4 | Lost mutation: You have supernaturally acute eyesight.
                  | (SInv) [Xom's mischief]
 40634 | Lair:2   | XOM: draining
 40794 | D:15     | XOM: scenery: summon butterflies
 40931 | D:15     | XOM: scenery: 2 doors close
 41171 | D:11     | XOM: scenery: create altars
 41342 | Spider:2 | XOM: give mutations
 41342 | Spider:2 | Gained mutation: You are covered in fur. (AC +1) [Xom's
                  | grace]
 41342 | Spider:2 | Gained mutation: You passively dampen the noise of your
                  | surroundings. [Xom's grace]
 41342 | Spider:2 | Gained mutation: You have hidden genetic potential. [Xom's
                  | grace]
 41624 | Spider:3 | XOM: give mutations
 41624 | Spider:3 | Gained mutation: You are agile. (Dex +4, Str/Int -1) [Xom's
                  | grace]
 41624 | Spider:3 | Gained mutation: You have great hidden genetic potential.
                  | [Xom's grace]
 41624 | Spider:3 | Gained mutation: You have hoof-like feet. [Xom's grace]
 41624 | Spider:3 | Gained mutation: You are partially covered in large bone
                  | plates. (SH +4) [Xom's grace]
 41626 | Spider:3 | Killed Roxanne
 41848 | Elf:1    | Entered Level 1 of the Elven Halls
 41853 | Elf:1    | Learned a level 3 spell: Passwall
 41907 | Elf:1    | XOM: scenery: summon butterflies
 41912 | Elf:1    | XOM: give mutation
 41912 | Elf:1    | Gained mutation: Your natural rate of healing is unusually
                  | fast. [Xom's grace]
 42092 | Elf:1    | XOM: 5-stop teleportation journey
 42155 | Elf:1    | XOM: scenery: 1 doors close
 42172 | Elf:1    | XOM: enchant monster (good)
 42243 | Elf:1    | XOM: god gift: transparent battleaxe {god gift}
 42243 | Elf:1    | Identified the +5 battleaxe "Kyl Niuf" {chaos, rElec Will+
                  | SInv} (Xom gifted it to you on level 1 of the Elven Halls)
 42247 | Elf:1    | XOM: blink monster(s)
 42251 | Elf:1    | Paralysed by an air elemental for 1 turns
 42252 | Elf:1    | XOM: scenery: create altars
 42295 | Elf:1    | Noticed Agnes
 42303 | Elf:1    | Killed Agnes
 42314 | Elf:1    | Reached XP level 20. HP: 153/170 MP: 2/27
 42327 | Elf:1    | XOM: confuse monster(s)
 42329 | Elf:1    | XOM: cast spell 'Alistair's Intoxication'
 42346 | Elf:1    | Reached skill level 1 in Armour
 42362 | Elf:1    | XOM: cast spell 'Metabolic Englaciation'
 42363 | Elf:1    | XOM: potion effect (haste)
 42378 | Elf:1    | XOM: confuse monster(s)
 42761 | Elf:1    | Identified the +5 shortbow of Somewhere Else {heavy, rElec
                  | rC+ rN+}
 43197 | Elf:2    | XOM: polymorph deep elf zephyrmancer -> acid dragon
 43203 | Elf:2    | Reached skill level 1 in Earth Magic
 43205 | Elf:2    | XOM: noise
 43494 | Elf:2    | XOM: 2-stop teleportation journey
 43583 | Elf:2    | XOM: potion effect (invisibility)
 43767 | Elf:2    | Found a shimmering blue altar of Sif Muna.
 44023 | Elf:2    | XOM is BORED!
 44044 | Elf:2    | Noticed Louise
 44066 | Elf:2    | XOM: noise
 44074 | Elf:2    | Killed Louise
 44084 | Elf:2    | Found a runed translucent gate.
 44084 | Elf:2    | Found a runed translucent gate.
 44084 | Elf:2    | Found a runed translucent gate.
 44459 | Elf:3    | Entered Level 3 of the Elven Halls
 44745 | Elf:3    | XOM: scenery: 1 doors open
 44975 | Elf:2    | Gained mutation: You are completely covered in iridescent
                  | scales. (AC +6) [hidden potential]
 44981 | Elf:2    | XOM: confuse monster(s)
 45335 | Elf:3    | XOM: silly message
 45394 | Elf:3    | XOM: silly message
 45511 | Elf:3    | XOM: god gift: 6 stones
 45671 | Elf:2    | XOM: give mutations
 45671 | Elf:2    | Gained mutation: You passively map a small area around you.
                  | [Xom's grace]
 45671 | Elf:2    | Gained mutation: Your mind is acute. (Int +4, Str/Dex -1)
                  | [Xom's grace]
 46596 | Elf:3    | XOM: god gift: staff of air
 46676 | Elf:3    | XOM: god gift: 3 stones
 46840 | Abyss:3  | Cast into level 3 of the Abyss (a deep elf demonologist)
 46897 | Abyss:3  | XOM: polymorph salamander -> brain worm
 46919 | Abyss:3  | Found a corrupted altar of Lugonu.
 46927 | Abyss:3  | XOM: cloud trail
 46942 | Abyss:3  | XOM: confuse monster(s)
 46946 | Abyss:3  | XOM: enchant monster (good)
 47074 | Elf:3    | Escaped the Abyss
 47351 | Elf:3    | XOM: divination: detect items
 47361 | Elf:3    | Reached skill level 17 in Dodging
 47651 | Elf:3    | Reached XP level 21. HP: 148/176 MP: 9/28
 47756 | Elf:3    | XOM: cast spell 'Summon Ice Beast'
 47792 | Elf:3    | XOM: noise
 47810 | Elf:3    | XOM: divination: detect items
 48050 | Elf:3    | Identified the ring of Sloth {+Blink rN+ Will+ SInv}
 48054 | Elf:3    | XOM: potion effect (attraction)
 48119 | Elf:3    | Reached skill level 5 in Earth Magic
 48129 | Elf:3    | Identified the +1 helmet of Gravitas {*Corrode Int+6 Dex+5}
 48210 | Elf:3    | XOM: silly message
 48217 | Elf:3    | XOM: potion effect (might)
 48222 | Elf:3    | XOM: silly message
 48223 | Elf:3    | XOM: silly message
 48333 | Elf:3    | XOM: silly message
 48336 | Elf:3    | Reached skill level 5 in Armour
 48355 | Elf:3    | Identified the ring "Cucva" {rElec rN+ Str+5 Dex+3 SInv}
 48411 | Elf:3    | Identified the +1 scale mail of the Bulwark {rElec}
 48429 | Elf:3    | Identified the staff of Disorder {rPois rN+ Earth Alchemy}
 48446 | Elf:3    | Identified the maw talisman of Grace {*Slow rN+ SInv}
 48463 | Elf:3    | Learned a level 4 spell: Manifold Assault
 48623 | D:10     | XOM: noise
 48739 | Vaults:1 | Entered Level 1 of the Vaults
 48893 | Vaults:1 | XOM: silly message
 48897 | Vaults:1 | Reached skill level 1 in Translocations
 48903 | Vaults:1 | XOM: potion effect (heal wounds)
 49362 | Vaults:1 | XOM: noise
 49565 | Vaults:1 | XOM: enchant monster (good)
 49614 | Vaults:1 | XOM: noise
 49704 | Vaults:1 | XOM: cast spell 'Fugue of the Fallen'
 49709 | Vaults:1 | XOM: summons 7 friendly demons
 49740 | Vaults:1 | Gained mutation: You have a pair of small antennae on your
                  | head. [hidden potential]
 49740 | Vaults:1 | Lost mutation: You have great hidden genetic potential.
                  | [hidden potential expressed]
 49806 | Vaults:1 | XOM: cast spell 'Alistair's Intoxication'
 50186 | Vaults:1 | XOM: silly message
 50517 | Vaults:2 | Reached skill level 18 in Dodging
 50633 | Vaults:2 | XOM: enchant monster (good)
 50639 | Vaults:2 | XOM: enchant monster (good)
 50663 | Vaults:2 | XOM: divination: magic mapping
 50770 | Vaults:2 | Identified the amulet "Ynetaz" {Acrobat rC+++ Str-5 Stlth+}
 50770 | Vaults:2 | Identified the ring of Xuit {Fly Will+ Stlth+}
 50770 | Vaults:2 | XOM: potion effect (might)
 50826 | Vaults:2 | Identified the staff "Beastslayer" {rF- rC+ Will+ Dex+3
                  | Ice}
 50827 | Vaults:2 | Identified the ring of Hieqooc {rElec rF+ rN+ EV+5 Dex-4}
 51039 | Vaults:2 | Found Ybloeh's General Store.
 51226 | Vaults:2 | XOM: cloud trail
 51257 | Vaults:2 | Reached skill level 5 in Translocations
 51378 | Vaults:2 | Reached XP level 22. HP: 184/184 MP: 24/29
 51663 | Vaults:2 | XOM: divination: magic mapping
 51667 | Vaults:2 | XOM: cast spell 'Fugue of the Fallen'
 51837 | Vaults:2 | Found Qepe's Antique Weapon Boutique.
 51947 | Vaults:2 | Found Woelenem's Antique Armour Shoppe.
 51957 | Vaults:2 | Bought brightly glowing fire dragon scales for 1495 gold
                  | pieces
 51957 | Vaults:2 | Identified the +0 fire dragon scales of Resourcefulness
                  | {*Corrode rF++ rC- MP+9 Str+2} (You bought it in a shop on
                  | level 2 of the Vaults)
 52320 | Vaults:2 | XOM: cast spell 'Summon Ice Beast'
 52487 | Vaults:2 | Noticed Norris
 52498 | Vaults:2 | Killed Norris
 52598 | Vaults:2 | XOM: divination: detect items
 52639 | Vaults:2 | Found Votz's Antique Armour Boutique.
 52688 | Vaults:2 | XOM: confuse monster(s)
 52691 | Vaults:2 | XOM: enchant monster (bad)
 52857 | Vaults:2 | XOM: cloud trail
 52874 | Vaults:2 | XOM: 4-stop teleportation journey
 52907 | Vaults:2 | XOM: silly message
 52908 | Vaults:2 | XOM: silly message
 53241 | Vaults:2 | XOM: noise
 53396 | Vaults:3 | XOM: summons 14 friendly demons
 53473 | Vaults:3 | Found a staircase to the Crypt.
 53514 | Vaults:3 | XOM: chaos upgrade
 53613 | Vaults:3 | XOM: divination: magic mapping
 53772 | Vaults:3 | Noticed Sojobo
 53781 | Vaults:3 | Paralysed by an air elemental for 1 turns
 53789 | Vaults:3 | Killed Sojobo
 53794 | Vaults:3 | Gained mutation: You have a pair of antennae on your head.
                  | [hidden potential]
 54218 | Vaults:3 | Noticed Margery
 54268 | Vaults:2 | XOM: divination: detect items
 54381 | Vaults:3 | Noticed Saint Roka
 54383 | Vaults:3 | XOM: cast spell 'Summon Dragon'
 54401 | Vaults:3 | Killed Saint Roka
 54534 | Vaults:3 | Identified the +5 battleaxe of Deiph {speed, rN+ Str+6
                  | Stlth+}
 54590 | Vaults:3 | XOM: scenery: 1 doors close
 54600 | Vaults:3 | Identified the +10 falchion of the Shining Light {freeze,
                  | rN+}
 54863 | Vaults:3 | XOM: confusion (+ monsters)
 54917 | Vaults:3 | Noticed Boris
 54935 | Vaults:3 | Killed Boris
 54936 | Vaults:3 | Reached skill level 10 in Armour
 54936 | Vaults:3 | Reached XP level 23. HP: 115/191 MP: 23/30
 55096 | Vaults:3 | Reached skill level 10 in Translocations
 55187 | Vaults:3 | Got Qias Ati's Excursus on Fire
 55292 | Vaults:3 | Killed Margery
 55390 | Vaults:3 | Found Ilousiwn's Magic Scroll Emporium.
 55393 | Vaults:3 | Bought a scroll of fear for 68 gold pieces
 55393 | Vaults:3 | Bought a scroll of teleportation for 51 gold pieces
 55626 | Vaults:3 | XOM: scenery: 1 doors close
 55854 | Orc:2    | Bought the Spellbook of Assaults for 476 gold pieces
 55860 | Orc:2    | Learned a level 5 spell: Irradiate
 55867 | Orc:2    | XOM is BORED!
 55867 | Orc:2    | XOM: draining
 56086 | Vaults:4 | XOM: chaos cloud
 56153 | Vaults:4 | Reached skill level 1 in Conjurations
 56470 | Vaults:4 | XOM: summons 2 hostile shadow creatures
 56666 | Vaults:4 | XOM: noise
 56899 | Vaults:4 | XOM: silly message
 56906 | Vaults:4 | XOM: cleaving
 57069 | Vaults:4 | XOM: give mutations
 57069 | Vaults:4 | Gained mutation: You are resistant to electric shocks.
                  | (rElec) [Xom's grace]
 57069 | Vaults:4 | Gained mutation: You are strong-willed. (Will+) [Xom's
                  | grace]
 57069 | Vaults:4 | Lost mutation: You are vulnerable to heat. (rF-) [Xom's
                  | grace]
 57069 | Vaults:4 | Gained mutation: Your flesh is heat resistant. (rF+) [Xom's
                  | grace]
 57072 | Vaults:4 | XOM: scenery: create altars
 57229 | Vaults:4 | Identified the +5 sling "Doat" {flame, rElec}
 57392 | Vaults:5 | Entered Level 5 of the Vaults
 57394 | Vaults:5 | Noticed Boris
 57491 | Vaults:5 | Identified the +1 war axe "Z" {vamp, rElec rN+ Str+3 Int+6}
 57595 | Vaults:5 | XOM: potion effect (attraction)
 57709 | Vaults:5 | XOM: enchant monster (good)
 57713 | Vaults:5 | Reached skill level 5 in Conjurations
 57735 | Vaults:5 | Reached skill level 19 in Dodging
 57745 | Vaults:5 | XOM: enchant monster (good)
 57944 | Vaults:5 | Identified the ring "Kopeixt" {Fly rF+ Str+3 Int+2 Stlth-}
 57998 | Vaults:5 | Identified the +3 war axe of Gokkum {freeze, MP+9}
 57999 | Vaults:5 | XOM: silly message
 58004 | Vaults:5 | XOM: silly message
 58008 | Vaults:5 | XOM: potion effect (magic)
 58026 | Vaults:5 | Killed Boris
 58027 | Vaults:5 | Reached XP level 24. HP: 196/196 MP: 32/34
 58036 | Vaults:5 | XOM: potion effect (invisibility)
 58037 | Vaults:5 | XOM: noise
 58044 | Vaults:5 | XOM: 1-stop teleportation journey
 58065 | Vaults:5 | Identified the +2 shortbow of Innocence {elec, rF- rN+
                  | Dex+3}
 58073 | Vaults:5 | XOM: enchant monster (bad)
 58105 | Vaults:5 | XOM: enchant monster (good)
 58239 | Vaults:5 | XOM: silly message
 58347 | Vaults:5 | Learned a level 3 spell: Fugue of the Fallen
 58518 | Vaults:5 | XOM: divination: magic mapping
 58520 | Vaults:5 | XOM: summons 11 friendly demons
 58521 | Vaults:5 | Reached skill level 1 in Necromancy
 58523 | Vaults:5 | XOM: potion effect (curing)
 58698 | Vaults:5 | XOM: 2-stop teleportation journey
 58876 | Vaults:5 | XOM: summons friendly crimson imp
 58910 | Vaults:5 | Noticed a golden dragon
 58923 | Vaults:5 | Killed a golden dragon
 58963 | Vaults:5 | XOM: noise
 58997 | Vaults:5 | Gained mutation: You are highly strong-willed. (Will++)
                  | [hidden potential]
 58997 | Vaults:5 | Lost mutation: You have hidden genetic potential. [hidden
                  | potential expressed]
 59016 | Vaults:5 | XOM: summons friendly quasit
 59064 | Vaults:5 | XOM: silly message
 59302 | Vaults:5 | XOM: silly message
 59334 | Vaults:5 | XOM: confuse monster(s)
 59369 | Vaults:5 | Reached skill level 20 in Dodging
 59408 | Vaults:5 | Found the +4 consecrated labrys {holy, Valiant ^Fragile Fly
                  | SInv}
 59454 | Vaults:5 | XOM: confuse monster(s)
 59483 | Vaults:5 | XOM: fake destruction
 59511 | Vaults:5 | XOM: divination: magic mapping
 59521 | Vaults:5 | XOM: enchant monster (good)
 59524 | Vaults:5 | Reached skill level 5 in Necromancy
 59778 | Vaults:5 | Identified the +0 ring mail "Dypolon" {rC++}
 59872 | Vaults:5 | Got a silver rune of Zot
 60166 | D:13     | XOM: god gift: club {god gift}
 60243 | Depths:1 | Entered Level 1 of the Depths
 60270 | Depths:1 | Learned a level 6 spell: Death Channel
 60343 | Depths:1 | Found a gateway to Hell.
 60422 | Depths:1 | Found a flickering gateway to a bazaar.
 60425 | Depths:1 | XOM: god gift: +6 ring of strength
 60445 | Bazaar   | Entered a bazaar
 60445 | Bazaar   | Found Tilul's Jewellery Shop.
 60445 | Bazaar   | Found Xiefu's Distillery.
 60447 | Bazaar   | Found Voqy's Distillery.
 60457 | Bazaar   | Found Vaadall's Assorted Antiques.
 60473 | Bazaar   | Found Arhous's Jewellery Shoppe.
 60475 | Bazaar   | Bought a scroll of enchant armour for 285 gold pieces
 60475 | Bazaar   | Bought a wand of roots (5) for 456 gold pieces
 60481 | Bazaar   | Bought a scroll of immolation for 152 gold pieces
 60487 | Bazaar   | Bought a potion of mutation for 64 gold pieces
 60487 | Bazaar   | Bought a potion of curing for 24 gold pieces
 60487 | Bazaar   | Bought a potion of invisibility for 64 gold pieces
 60487 | Bazaar   | Bought a potion of heal wounds for 40 gold pieces
 60487 | Bazaar   | Bought a potion of mutation for 64 gold pieces
 60487 | Bazaar   | Bought a potion of curing for 24 gold pieces
 60487 | Bazaar   | Bought a potion of might for 32 gold pieces
 60507 | Bazaar   | Bought a potion of brilliance for 32 gold pieces
 60864 | Depths:1 | XOM: cloud trail
 60902 | Depths:1 | XOM: 1-stop teleportation journey
 61309 | Depths:1 | XOM is BORED!
 61309 | Depths:1 | XOM: give mutation
 61309 | Depths:1 | Lost mutation: Your health recovers twice as slowly from
                  | being drained. [Xom's mischief]
 61433 | Depths:2 | Found a hide-covered altar of Uskayaw.
 61449 | Depths:2 | XOM: enchant monster (bad)
 61465 | Depths:2 | Reached XP level 25. HP: 181/204 MP: 35/35
 61508 | Depths:2 | Found a one-way gateway to a ziggurat.
 61547 | Depths:2 | XOM: 5-stop teleportation journey
 61799 | Depths:2 | XOM: swap monsters
 61816 | Depths:2 | Found the +2 hood of the Assassin {Detect Stab+ Stlth++}
 61906 | Depths:2 | XOM: 2-stop teleportation journey
 61911 | Depths:2 | XOM: cast spell 'Alistair's Intoxication'
 61982 | Depths:2 | XOM: scenery: summon butterflies
 62215 | Depths:2 | XOM: 4-stop teleportation journey
 62262 | Depths:2 | Reached skill level 10 in Necromancy
 62263 | Depths:2 | Found a one-way gate leading to the halls of Pandemonium.
 62396 | Depths:2 | Found Nonokiv's Assorted Antiques.
 62599 | Depths:2 | XOM: torment (138/204 hp)
 62618 | Depths:2 | XOM: summons 1 hostile shadow creature
 62902 | Depths:3 | XOM: 1-stop teleportation journey
 63826 | Depths:3 | XOM: 4-stop teleportation journey
 63975 | Depths:3 | XOM: scenery: 1 doors close
 63984 | Depths:3 | Found a sparkling altar of Nemelex Xobeh.
 64017 | Depths:3 | Found a sparkling altar of Nemelex Xobeh.
 64028 | Depths:3 | XOM: summons friendly iron imp
 64356 | Depths:3 | XOM: cloud trail
 64556 | Depths:3 | XOM: summons 3 hostile shadow creatures
 64729 | Depths:3 | XOM: torment (138/204 hp)
 64818 | Depths:4 | Entered Level 4 of the Depths
 64830 | Depths:4 | XOM: 3-stop teleportation journey
 64903 | Depths:4 | Noticed Vv
 64916 | Depths:4 | Killed Vv
 65257 | Depths:4 | XOM: 1-stop teleportation journey
 65358 | Depths:4 | XOM is BORED!
 65358 | Depths:4 | XOM: give mutations
 65358 | Depths:4 | Lost mutation: You have a pair of antennae on your head.
                  | [Xom's mischief]
 65358 | Depths:4 | Lost mutation: Your natural rate of healing is unusually
                  | fast. [Xom's mischief]
 65601 | Depths:4 | Found a gate to the Realm of Zot.
 65618 | Depths:4 | XOM: summons 9 hostile demons
 65715 | Depths:4 | XOM: summons 4 hostile shadow creatures
 66031 | Depths:4 | Noticed Grunn
 66038 | Depths:4 | Reached XP level 26. HP: 211/211 MP: 32/35
 66040 | Depths:4 | Reached skill level 10 in Shields
 66085 | Depths:4 | XOM: torment (67/211 hp)
 66236 | Depths:4 | XOM: give mutations
 66236 | Depths:4 | Lost mutation: You are agile. (Dex +4, Str/Int -1) [Xom's
                  | mischief]
 66236 | Depths:4 | Lost mutation: You are highly strong-willed. (Will++)
                  | [Xom's mischief]
 66427 | Depths:4 | Killed Grunn
 66478 | Depths:4 | XOM: cloud trail
 66847 | Depths:4 | XOM: draining
 67084 | Zot:1    | Entered Level 1 of the Realm of Zot
 67111 | Zot:1    | Learned a level 2 spell: Blink
 67131 | Zot:1    | XOM: 4-stop teleportation journey
 67752 | Zot:1    | XOM: give mutations
 67752 | Zot:1    | Lost mutation: You are partially covered in large bone
                  | plates. (SH +4) [Xom's mischief]
 67752 | Zot:1    | Lost mutation: You are resistant to electric shocks.
                  | (rElec) [Xom's mischief]
 67752 | Zot:1    | Lost mutation: You have a pair of small antennae on your
                  | head. [Xom's mischief]
 67752 | Zot:1    | Lost mutation: Your system is resistant to poisons. (rPois)
                  | [Xom's mischief]
 67771 | Zot:1    | XOM: 3-stop teleportation journey
 67809 | Zot:1    | XOM: polymorph moth of wrath -> golden eye
 67838 | Zot:1    | XOM: noise
 68370 | Zot:1    | XOM: divination: detect items
 68599 | Zot:1    | XOM: silly message
 69009 | Zot:2    | XOM: silly message
 69457 | Zot:2    | Identified the scarf of Hedge Wizardry {harm, rC++ Str+3
                  | Dex+2}
 69478 | Zot:2    | XOM: cast spell 'Summon Dragon'
 69698 | Zot:2    | XOM: give mutation
 69698 | Zot:2    | Gained mutation: You have claws for hands. [Xom's grace]
 69842 | Zot:2    | XOM: summons 4 hostile demons
 70205 | Zot:3    | XOM: give mutation
 70205 | Zot:3    | Lost mutation: You passively dampen the noise of your
                  | surroundings. [Xom's mischief]
 70275 | Zot:3    | XOM: god gift: 5 datura-tipped darts
 70408 | Zot:3    | Noticed a curse toe
 70423 | Zot:3    | Killed a curse toe
 70846 | Zot:3    | XOM: 1-stop teleportation journey
 70872 | Zot:3    | You fall into a shaft and drop 1 floor!
 70874 | Zot:4    | Noticed an orb of fire
 70878 | Zot:4    | Killed an orb of fire
 70916 | Zot:4    | Reached XP level 27. HP: 187/218 MP: 12/35
 71158 | Zot:3    | Identified the +3 orcbow "Xaokkev" {flame, rPois rN+}
 71305 | Zot:3    | XOM: silly message
 71540 | Zot:4    | XOM: divination: detect creatures
 71587 | Zot:4    | XOM: blink monster(s)
 71590 | Zot:4    | XOM: divination: magic mapping
 72578 | Zot:4    | XOM: divination: detect creatures
 72594 | Zot:4    | XOM: 2-stop teleportation journey
 72608 | Zot:4    | XOM: 1-stop teleportation journey
 72764 | Zot:4    | XOM: chaos cloud
 72884 | Zot:4    | XOM: summons 7 hostile demons
 73132 | Zot:4    | XOM: silly message
 73263 | Zot:4    | XOM: give mutations
 73263 | Zot:4    | Lost mutation: Your mind is acute. (Int +4, Str/Dex -1)
                  | [Xom's mischief]
 73263 | Zot:4    | Lost mutation: You passively map a small area around you.
                  | [Xom's mischief]
 73395 | Zot:4    | XOM: summons 4 hostile demons
 73687 | Zot:5    | Entered Level 5 of the Realm of Zot
 73827 | Zot:4    | XOM: torment (144/218 hp)
 73922 | Zot:5    | XOM: silly message
 74046 | Zot:5    | Found a transporter.
 74049 | Zot:5    | Found a transporter.
 74079 | Zot:5    | Found a transporter.
 74114 | Zot:5    | Reached skill level 15 in Shields
 74301 | Zot:5    | XOM: summons 14 hostile demons
 74461 | Zot:5    | Found a transporter.
 74497 | Zot:5    | Noticed a Killer Klown
 74506 | Zot:5    | Killed a Killer Klown
 74678 | Zot:5    | Noticed a Killer Klown
 74682 | Zot:5    | Killed a Killer Klown
 74685 | Zot:5    | XOM: polymorph Orb Guardian -> Orb Guardian
 74784 | Zot:5    | Noticed a dread lich
 74784 | Zot:5    | Noticed an orb of fire
 74784 | Zot:5    | XOM: draining
 74785 | Zot:5    | Noticed a dread lich
 74787 | Zot:5    | Noticed an orb of fire
 74789 | Zot:5    | Killed a dread lich
 74795 | Zot:5    | Gained mutation: You occasionally lose the ability to read
                  | scrolls when taking damage. [an orb of fire]
 74796 | Zot:5    | Noticed an orb of fire
 74798 | Zot:5    | Killed an orb of fire
 74799 | Zot:5    | Noticed an orb of fire
 74816 | Zot:5    | Killed an orb of fire
 74824 | Zot:5    | Killed a dread lich
 74826 | Zot:5    | XOM: summons friendly white imp
 74835 | Zot:5    | XOM: silly message
 74848 | Zot:5    | Killed an orb of fire
 74858 | Zot:5    | Killed an orb of fire
 74858 | Zot:5    | Noticed a Killer Klown
 74863 | Zot:5    | Killed a Killer Klown
 74868 | Zot:5    | Noticed an ancient lich
 74873 | Zot:5    | Killed an ancient lich
 74890 | Zot:5    | Noticed a Killer Klown
 74893 | Zot:5    | Noticed an orb of fire
 74894 | Zot:5    | Gained mutation: You are clumsy. (Dex -2) [an orb of fire]
 74895 | Zot:5    | Gained mutation: You have an uncontrollable temper. [an orb
                  | of fire]
 74905 | Zot:5    | Killed an orb of fire
 74909 | Zot:5    | Killed a Killer Klown
 74909 | Zot:5    | Noticed a Killer Klown
 74911 | Zot:5    | Noticed a Killer Klown
 74911 | Zot:5    | XOM: swap monsters
 74922 | Zot:5    | Killed a Killer Klown
 74923 | Zot:5    | XOM: stat loss: -1 Dex (24/25)
 74925 | Zot:5    | Killed a Killer Klown
 75206 | Zot:5    | XOM: 1-stop teleportation journey
 75209 | Zot:5    | Noticed a Killer Klown
 75243 | Zot:5    | Killed a Killer Klown
 75260 | Zot:5    | Got the Orb of Zot
 75301 | Zot:5    | Noticed an orb of fire
 75303 | Zot:5    | XOM: enchant monster (bad)
 75447 | Zot:2    | XOM: chaos upgrade
 75604 | D:11     | Noticed Anlonk Gueth the pandemonium lord
 75788 | D:4      | XOM: enchant monster (good)
 75889 | D:2      | XOM: give mutations
 75889 | D:2      | Lost mutation: Your flesh is very cold resistant. (rC++)
                  | [Xom's mischief]
 75889 | D:2      | Lost mutation: You have claws for hands. [Xom's mischief]
 75889 | D:2      | Lost mutation: You are covered in fur. (AC +1) [Xom's
                  | mischief]
 75889 | D:2      | Lost mutation: You have very sharp fingernails. [Xom's
                  | mischief]
 75931 | D:$      | Escaped with the Orb!

Illustrated notes

Levels and vault maps discovered:
D:1:      lemuel_arrival_muddy, layout_basic, serial_shops,
          nicolae_shop_waterfront, st_stairs_14
D:2:      layout_loops_cross, uniq_terence
D:3:      layout_basic, chequers_ecumenical_altar_simple_redux, uniq_grinder
D:4:      layout_basic, grunt_temple_overflow_lords_of_destruction
D:5:      layout_cave_pods, minmay_misc_feat_ornament, st_stairs_12
D:6:      layout_gridville, minmay_temple_entry_antechambers,
          gammafunk_ghost_arena
D:7:      layout_basic, serial_shops, shop
D:8:      layout_gridville, jmf_multi_god_temple2
D:9:      layout_long_grid, yredelemnul_altar_generic, david_lair_generic,
          serial_shops, shop, nicolae_diode_basic
D:10:     layout_long_grid, mainiacjoe_overflow_alcove_4, hiddenorc2_lemuel,
          gammafunk_ghost_arena, hangedman_abyss_or_decor_slice
D:11:     minmay_the_grid_square_5x5_4x4 [minmay_the_grid_square_5x5_z,
          minmay_the_grid_square_5x5_hollow_slash,
          minmay_the_grid_square_5x5_six,
          minmay_the_grid_square_5x5_two_walls_a,
          minmay_the_grid_square_5x5_comb,
          minmay_the_grid_square_5x5_prize_waves,
          minmay_the_grid_square_5x5_prize_pseudospiral,
          minmay_the_grid_square_5x5_shuriken, minmay_the_grid_square_5x5_c,
          minmay_the_grid_square_5x5_prize_gold,
          minmay_the_grid_square_5x5_prize_deathbox,
          minmay_the_grid_square_5x5_tetrominoes,
          minmay_the_grid_square_5x5_inner_i,
          minmay_the_grid_square_5x5_beaten_path,
          minmay_the_grid_square_5x5_empty,
          minmay_the_grid_square_5x5_checkered], layout_loops_corners,
          uniq_nergalle
D:12:     layout_gridville, uniq_josephine
D:13:     layout_roguey, hellmonk_vaults_keyhole, minmay_misc_feat_columns,
          kennysheep_flooded_box, uniq_sonja
D:14:     layout_cave_pools, serial_shops, nicolae_inconvenience_store,
          xom_confusion_cloud, uniq_frances
D:15:     hangedman_crystal_crosses_colossus [crystal_crosses_arms_two,
          crystal_crosses_arms_one, crystal_crosses_arms_one]
Temple:   nicolae_temple_elliptical
Lair:1:   layout_big_grid, grunt_forest_stairs_basic, nicolae_lair_lil_pond,
          uniq_amaemon
Lair:2:   layout_roguey, nicolae_shoals_entry_roost,
          spider_nest_entry_web_field, basic_altar, grunt_megastairs_3,
          uniq_fannar
Lair:3:   layout_cave_pods
Lair:4:   gammafunk_cloud_chamber, layout_gridlike
Lair:5:   hellmonk_lair_end_abyssal_woods, layout_layer_cave, slime_entry_1,
          nicolae_volcano_entry_two_sided, minmay_lair_oklob_items,
          nicolae_lair_run_with_the_wolves
Shoals:1: layout_shoals
Shoals:2: layout_shoals, nicolae_shoals_lost_giant_baths, uniq_polyphemus
Shoals:3: layout_shoals, nicolae_shoals_shepherds
Shoals:4: shoals_end_grunt_garden, layout_shoals
Spider:1: layout_spider_delve
Spider:2: layout_chambers, nicolae_spider_shape
Spider:3: nicolae_spider_mines_3, uniq_roxanne
Spider:4: spider_rune_water, hive_lemuel, uniq_arachne
Orc:1:    layout_caves, serial_shops, nicolae_shop_advertising_works
          [nicolae_subvault_shop_adworks]
Orc:2:    grunt_orc_tribal_feast, layout_caves
Elf:1:    eino_elf_arrival_shootout, layout_geoelf_grid,
          hangedman_elf_disciples, uniq_agnes
Elf:2:    nicolae_elf_blades_splatter_lattice
          [nicolae_blade_entry_floor_patterns], layout_loops_ring, basic_altar,
          uniq_louise
Elf:3:    elf_hall_gauntlet_wide, layout_onion_city, abandoned_shop
Vaults:1: vaults_dpeg_ring, nicolae_vaults_wrenched,
          nicolae_vaults_stepped_doors, nicolae_vaults_hexular_roomagon,
          nicolae_vaults_stairing_the_circle, v_misc_8, v_misc_27,
          layout_vaults_chaotic_city
Vaults:2: v_alt_pattern_2, v_misc_24, v_misc_27,
          nicolae_vaults_storing_the_good_stuff, ontoclasm_vaults_spin,
          hangedman_vaults_river_flow, vaults_mumra_hexcomb,
          nicolae_vaults_diagonal_hallway_7, layout_vaults_quadrants,
          serial_shops, nicolae_shop_real_fake_doors, shop, shop_statue,
          nicolae_shop_tiny_real_fake_doors, uniq_norris
Vaults:3: vaults_dpeg_encased_lava, nicolae_vaults_circle_grid_b,
          hangedman_vaults_locks, hangedman_vaults_stitches, v_pattern_2,
          nicolae_vaults_corridor_and_loot_room,
          nicolae_vaults_door_testing_chamber, nicolae_vaults_little_ls,
          nicolae_vaults_weapon_check, vaults_room_hallway,
          nicolae_vaults_trapezoid_2, vaults_dpeg_diagonal,
          hangedman_vaults_maws, layout_vaults_ring, serial_shops,
          nicolae_shop_rolled_up, uniq_sojobo, uniq_boris, uniq_saint_roka,
          uniq_margery
Vaults:4: v_misc_3, nicolae_vaults_shipping_containers_3, grunt_vaults_diagonal,
          v_alt_pattern_3, v_misc_25, nicolae_vaults_house_2,
          nicolae_vaults_three_branches, vaults_dpeg_hooks, vaults_room_boxed,
          nicolae_vaults_network_square, hangedman_vaults_stream,
          nicolae_vaults_asterisk, nicolae_vaults_bisected_exclaves,
          vaults_room_stairs_pillars, nicolae_vaults_tetromino_L_2,
          layout_vaults_maze_bifur
Vaults:5
Depths:1: layout_forbidden_donut, minmay_crystal_room, serial_shops,
          bzr_entry_dummy, grunt_hell_horde, hangedman_decor_growths,
          nicolae_tricolors
Depths:2: minmay_textured_paths, layout_gridville, enter_ziggurat_e,
          rand_demon_pan_entry_9, grunt_decor_one_mirror, serial_shops, shop,
          hell_entry, eat_drink_and_be_merry_uskayaw
Depths:3: regret_index_nemelex_summoning_deck_glade, layout_gridville,
          nicolae_abyss_entry_one_way_or_another, hell_entry,
          nemelex_diamond_rough_becter
Depths:4: grunt_crosshair, layout_honeycomb, pf_coc_iceberg,
          nicolae_eternal_life, uniq_grunn, uniq_vv
Zot:1:    layout_onion_interference, st_stairs_5, grunt_ministairs_7,
          regret_index_zotdec_gossamer_gf
Zot:2:    layout_concentric_octagons, grunt_ministairs_5,
          regret_index_zotdec_serpentine_scales, skrybe_zot_glass_3
Zot:3:    layout_basic, bh_zot_levy_curve
Zot:4:    layout_twisted_circle, skrybe_zot_glass_2
Zot:5:    layout_twisted_circle, nicolae_transporter_circle

Skill      XL: |  1  2  3  4  5  6  7  8  9 10 11 12 13 14 15 16 17 18 19 20 21 22 23 24 25 26 27 |
---------------+----------------------------------------------------------------------------------+-----
Short Blades   | 5 6 7 8 10 11 13 14 | 14.0
Stealth        | 1 2 4 6 9 11 12 14 15 16 17 | 17.8
Fighting       | 5 6 8 9 10 12 13 14 15 16 | 16.0
Evocations     | 3 6 7 8 10 11 12 | 12.0
Dodging        | 3 6 8 10 11 13 14 16 17 18 19 20 | 20.0
Shapeshifting  | 2 3 5 |  5.4
Alchemy        | 2 7 10 11 12 | 12.0
Spellcasting   | 3 5 7 8 |  8.0
Fire Magic     | 5 7 |  7.0
Throwing       | 4 6 7 8 |  8.0
Shields        | 1 6 7 9 13 17 | 17.9
Long Blades    | 8 12 | 12.8
Armour         | 4 7 10 11 12 | 12.0
Earth Magic    | 4 6 |  6.0
Translocations | 5 9 10 | 10.0
Conjurations   | 5 8 |  8.0
Necromancy     | 8 12 14 | 14.0

Action                     |  1- 3 |  4- 6 |  7- 9 | 10-12 | 13-15 | 16-18 | 19-21 | 22-24 | 25-27 || total
---------------------------+-------+-------+-------+-------+-------+-------+-------+-------+-------++-------
  Melee: Short sword       |   111 |       |       |       |   894 |       |       |       |       ||  1005
         Punch             |     2 |     3 |    18 |   100 |   210 |       |       |       |       ||   333
         Dagger            |    12 |    88 |   330 |   810 |   146 |       |       |       |       ||  1386
         Rapier            |       |       |       |   102 |   450 |   995 |   562 |   157 |     3 ||  2269
         Demon blade       |       |       |       |       |       |       |   421 |  1306 |  1499 ||  3226
  Throw: Throwing net      |       |       |       |       |     1 |     2 |       |       |     3 ||     6
         Dart              |       |       |       |       |       |     2 |       |     2 |       ||     4
   Cast: Olgreb's Toxic Ra |       |       |       |       |    12 |    68 |   107 |    84 |     8 ||   279
         Ignite Poison     |       |       |       |       |     5 |    28 |    38 |    30 |     2 ||   103
         Passwall          |       |       |       |       |       |       |     1 |       |    22 ||    23
         Manifold Assault  |       |       |       |       |       |       |       |    33 |   247 ||   280
         Irradiate         |       |       |       |       |       |       |       |       |     2 ||     2
         Death Channel     |       |       |       |       |       |       |       |       |     4 ||     4
         Fugue of the Fall |       |       |       |       |       |       |       |       |     1 ||     1
  Evoke: Wand              |       |       |     2 |    22 |     7 |     6 |     8 |     2 |    13 ||    60
         Sack of spiders   |       |       |       |       |       |     2 |     1 |       |       ||     3
         Phantom mirror    |       |       |       |       |       |       |     1 |     1 |     2 ||     4
         Condenser vane    |       |       |       |       |       |       |       |     1 |     2 ||     3
    Use: Scroll            |       |     4 |       |    15 |     8 |    10 |     6 |     4 |    16 ||    63
         Potion            |       |       |       |     1 |     2 |     3 |     3 |     1 |    12 ||    22
   Stab: Sleeping          |     8 |    13 |    13 |    30 |    57 |    83 |    63 |    42 |    69 ||   378
         Paralysed         |       |       |     1 |     6 |     1 |     1 |     2 |     5 |     1 ||    17
         Confused          |       |       |       |     6 |    11 |     6 |    13 |    10 |       ||    46
         Distracted        |       |       |       |     8 |    10 |     4 |    17 |    12 |     6 ||    57
         Petrified         |       |       |       |     1 |     4 |       |     1 |       |       ||     6
         Invisible         |       |       |       |     1 |     2 |     3 |     2 |     5 |     4 ||    17
         Held in net/web   |       |       |       |       |     1 |     1 |       |       |     3 ||     5
         Petrifying        |       |       |       |       |       |       |       |     2 |     1 ||     3
 Armour: Leather armour    |    60 |    37 |       |       |       |       |       |       |       ||    97
         Scale mail        |       |       |   137 |   112 |       |       |       |       |       ||   249
         Ring mail         |       |       |       |   131 |   339 |   258 |   105 |       |       ||   833
         Fire dragon scale |       |       |       |       |       |       |   210 |   369 |   498 ||  1077
  Dodge: Dodged            |    89 |    61 |   117 |   515 |  1009 |   730 |   419 |   887 |   817 ||  4644
  Block: Other             |       |       |       |   123 |   358 |       |       |       |       ||   481
         Buckler           |       |       |       |       |    24 |   577 |   563 |   975 |   644 ||  2783
         Kite shield       |       |       |       |       |       |       |       |       |   287 ||   287

Table legend: (Time is in decaauts)
 A = Elapsed time spent in this place.
 B = Non-inter-level travel time spent in this place.
 C = Inter-level travel time spent in this place.
 D = Time resting spent in this place.
 E = Time spent auto-exploring this place.
 F = Levels seen in this place.
 G = Mean time per level.
                   A        B        C        D        E       F      G
               +--------+--------+--------+--------+--------+-----+--------+
         Total |  74201 |  66292 |   7909 |  12201 |  40313 |  51 | 1454.9 |
       Dungeon |  20923 |  16851 |   4072 |   1736 |  11405 |  15 | 1394.9 |
        Temple |      1 |      1 |      0 |      0 |      0 |   1 |    1.0 |
          Lair |   6772 |   5979 |    793 |    402 |   4164 |   5 | 1354.4 |
        Shoals |   5999 |   5809 |    190 |    795 |   4232 |   4 | 1499.8 |
   Spider Nest |   5841 |   5510 |    331 |   1205 |   3170 |   4 | 1460.2 |
  Orcish Mines |   2283 |   1949 |    334 |    646 |    936 |   2 | 1141.5 |
   Elven Halls |   6092 |   5325 |    767 |   2039 |   2179 |   3 | 2030.7 |
        Vaults |  10918 |  10279 |    639 |   1745 |   6153 |   5 | 2183.6 |
        Depths |   7146 |   6733 |    413 |   1289 |   4323 |   4 | 1786.5 |
           Zot |   7907 |   7539 |    368 |   2313 |   3707 |   5 | 1581.4 |
         Abyss |    238 |    238 |      0 |     28 |      0 |   2 |  119.0 |
        Bazaar |     76 |     76 |      0 |      0 |     42 |   1 |   76.0 |
               +--------+--------+--------+--------+--------+-----+--------+

Top non-repeatable levels by time:
   Elf:3: 3285 daAuts
Vaults:2: 3126 daAuts
Vaults:5: 2548 daAuts
Depths:4: 2474 daAuts
    D:11: 2340 daAuts
Depths:3: 2200 daAuts
  Lair:5: 2122 daAuts
Vaults:3: 2117 daAuts
Spider:4: 2019 daAuts
    D:15: 1991 daAuts
Shoals:4: 1878 daAuts
   Zot:1: 1855 daAuts
     D:9: 1849 daAuts
    D:13: 1754 daAuts
Vaults:1: 1740 daAuts
